Workbook

Sheet Aggregated
A1: Exhibit VIII
A2: FORM 3 OF THE NEW MEXICO TITLE INSURANCE UNDERWRITERS STATISTICAL REPORT
A3: Aggregated for all Underwriters
A4: For the Year Ended December 31, 2021
A6: NM | F6: Direct
A7: Form | B7: Transaction | D7: NMAC | E7: Number of | F7: Premiums
A8: No. | B8: Code | C8: Transaction Type | D8: Regulation | E8: Transactions | F8: Written
A9: 1, 2 | B9: 0001 | C9: Charge For Additional Chain Of Title | D9: 13.14.9.16 | E9: =ROUND(SUM('Agents National Title:WFG National Title Ins Co'!F12),0) -> 68 | F9: =ROUND(SUM('Agents National Title:WFG National Title Ins Co'!G12),0) -> -550
A10: 1, 2 | B10: 0002 | C10: Charge For Unusual Complexity | D10: 13.14.9.16 | E10: =ROUND(SUM('Agents National Title:WFG National Title Ins Co'!F13),0) -> 20 | F10: =ROUND(SUM('Agents National Title:WFG National Title Ins Co'!G13),0) -> 15982
A11: 1 | B11: 0003 | C11: Abstract Retirement Credit | D11: 13.14.9.24 | E11: =ROUND(SUM('Agents National Title:WFG National Title Ins Co'!F14),0) -> 2 | F11: =ROUND(SUM('Agents National Title:WFG National Title Ins Co'!G14),0) -> 318
A12: 2 | B12: 0004 | C12: Loan Policy - Mechanic's Lien Coverage With Evidence of Priority | D12: 13.14.5.12 | E12: =ROUND(SUM('Agents National Title:WFG National Title Ins Co'!F15),0) -> 70237 | F12: =ROUND(SUM('Agents National Title:WFG National Title Ins Co'!G15),0) -> 3603547
A13: 2 | B13: 0005 | C13: Loan Policy - Mechanic's Lien Coverage Without Evidence of Priority | D13: 13.14.5.12 | E13: =ROUND(SUM('Agents National Title:WFG National Title Ins Co'!F16),0) -> 418 | F13: =ROUND(SUM('Agents National Title:WFG National Title Ins Co'!G16),0) -> 536826
A14: 1 | B14: 0006 | C14: Owner's Policy - Mechanic's Lien Coverage - Filing Period Expired | D14: 13.14.5.12 | E14: =ROUND(SUM('Agents National Title:WFG National Title Ins Co'!F17),0) -> 5781 | F14: =ROUND(SUM('Agents National Title:WFG National Title Ins Co'!G17),0) -> 323592
A15: 1 | B15: 0007 | C15: Owner's Policy - Mechanic's Lien Coverage - Filing Period Not Expired | D15: 13.14.5.12 | E15: =ROUND(SUM('Agents National Title:WFG National Title Ins Co'!F18),0) -> 40 | F15: =ROUND(SUM('Agents National Title:WFG National Title Ins Co'!G18),0) -> 48073
A16: 1 | B16: 0008 | C16: Survey Coverage - Owner Policy | D16: 13.14.5.1C | E16: =ROUND(SUM('Agents National Title:WFG National Title Ins Co'!F19),0) -> 29263 | F16: =ROUND(SUM('Agents National Title:WFG National Title Ins Co'!G19),0) -> 4858627
A17: 22 | B17: 0009 | C17: Survey Coverage - Loan Policy | D17: 13.14.5.12C | E17: =ROUND(SUM('Agents National Title:WFG National Title Ins Co'!F20),0) -> 42157 | F17: =ROUND(SUM('Agents National Title:WFG National Title Ins Co'!G20),0) -> 2302024
A18: 1 | B18: 0010 | C18: Owner Pro Forma Policy | D18: 13.14.9.19C | E18: =ROUND(SUM('Agents National Title:WFG National Title Ins Co'!F21),0) -> 289 | F18: =ROUND(SUM('Agents National Title:WFG National Title Ins Co'!G21),0) -> 36978
A19: 2 | B19: 0011 | C19: Loan Pro Forma Policy | D19: 13.14.9.19C | E19: =ROUND(SUM('Agents National Title:WFG National Title Ins Co'!F22),0) -> 451 | F19: =ROUND(SUM('Agents National Title:WFG National Title Ins Co'!G22),0) -> 47470
A20: 1 | B20: 0012 | C20: Duplicate Original Policy | D20: None | E20: =ROUND(SUM('Agents National Title:WFG National Title Ins Co'!F23),0) -> 1004 | F20: =ROUND(SUM('Agents National Title:WFG National Title Ins Co'!G23),0) -> 48728
... A152: 2 | B152: 9240 | C152: Loan Policy - Statutory Rate (within 3 years - 40%) | D152: 59A-30-6.1 NMSA 1981 | E152: =ROUND(SUM('Agents National Title:WFG National Title Ins Co'!F155),0) -> 150 | F152: =ROUND(SUM('Agents National Title:WFG National Title Ins Co'!G155),0) -> 352861
D153: TOTAL: | E153: =SUM(E9:E152) -> 474894 | F153: =SUM(F9:F152) -> 169400285

Sheet Agents National Title
A1: NEW MEXICO TITLE INSURANCE UNDERWRITER'S STATISTICAL REPORT
A2: FORM 3: TRANSACTION REPORT
A3: For Calendar Year Ending December 31, 2021
A4: NEW MEXICO EXPERIENCE ONLY
C5: Insurance Company: | D5: Agents National Title Insurance Company | J5: For Underwriters That Charge Rates Below the Promulgated Rates
J7: Direct Premiums As If They Had Been Written at Promulgated Rates
H8: Dependent
A9: NM | B9: Trans- | G9: Direct | H9: on Basic
A10: Form | B10: action | E10: NMAC | F10: Number of | G10: Premiums | H10: Premium
A11: No. | B11: Code | C11: Transaction Type | E11: Regulation | F11: Transactions | G11: Written | H11: Rate?
A12: 1, 2 | B12: 0001 | C12: Charge For Additional Chain Of Title | E12: 13.14.9.16 | H12: No
A13: 1, 2 | B13: 0002 | C13: Charge For Unusual Complexity | E13: 13.14.9.16 | H13: Yes
A14: 1 | B14: 0003 | C14: Abstract Retirement Credit | E14: 13.14.9.24 | H14: Yes
A15: 2 | B15: 0004 | C15: Loan Policy - Mechanic's Lien Coverage With Evidence of Priority | E15: 13.14.5.12 | H15: No
A16: 2 | B16: 0005 | C16: Loan Policy - Mechanic's Lien Coverage Without Evidence of Priority | E16: 13.14.5.12 | H16: Yes
A17: 1 | B17: 0006 | C17: Owner's Policy - Mechanic's Lien Coverage - Filing Period Expired | E17: 13.14.5.12 | H17: No
A18: 1 | B18: 0007 | C18: Owner's Policy - Mechanic's Lien Coverage - Filing Period Not Expired | E18: 13.14.5.12 | H18: Yes
A19: 1 | B19: 0008 | C19: Survey Coverage - Owner Policy | E19: 13.14.5.1C | H19: Yes
A20: 22 | B20: 0009 | C20: Survey Coverage - Loan Policy | E20: 13.14.5.12C | H20: No
A21: 1 | B21: 0010 | C21: Owner Pro Forma Policy | E21: 13.14.9.19C | H21: No
A22: 2 | B22: 0011 | C22: Loan Pro Forma Policy | E22: 13.14.9.19C | H22: No
A23: 1 | B23: 0012 | C23: Duplicate Original Policy | E23: None | H23: No
A24: none | B24: 0013 | C24: Cancellation Fee | E24: 13.14.9.19B | H24: No
A25: 1 | B25: 0101 | C25: Owner’s Policy | E25: 13.14.9.20 | F25: 2 | G25: 1569 | H25: Yes
A26: 1 | B26: 0102 | C26: Owner’s Policy - With Bulk Rate | E26: 13.14.6.12 | H26: Yes
A27: 1 | B27: 0103 | C27: Multiple Owners on Same Land - Simultaneous Issue | E27: 13.14.9.32 | H27: Yes
A28: 1, 2 | B28: 0104 | C28: Replacement Policy | E28: 13.14.9.26 | H28: Yes
A29: 1 | B29: 0105 | C29: Owner's Policy After Foreclosure | E29: 13.14.9.28 | H29: Yes
A30: 1 | B30: 0106 | C30: Owner's Policy - Terminated Foreclosure | E30: 13.14.9.28 | H30: Yes
A31: 1 | B31: 0110 | C31: Owner's Policy - Reissue (3 years or more since previous owner's policy was issued) | E31: 13.14.6.11 | H31: Yes
A32: 1 | B32: 0115 | C32: Owner's Policy - Reissue (2 years or more but less than 3 years since previous owner's policy was issued) | E32: 13.14.6.11 | H32: Yes
A33: 1 | B33: 0120 | C33: Owner's Policy - Reissue (More than 1 year but less than 2 years since previous owner's policy was issued) | E33: 13.14.6.11 | H33: Yes
A34: 1 | B34: 0125 | C34: Owner's Policy - Reissue (1 y ear or less since previous owner's policy was issued) | E34: 13.14.6.11 | H34: Yes
A35: 2 | B35: 0201 | C35: Loan Policy - Single Issue | E35: 13.14.9.22 | H35: Yes
A36: 2 | B36: 0202 | C36: Loan Policy - Simultaneous Issue with Owner's Policy | E36: 13.14.9.22 | H36: No
A37: 2 | B37: 0203 | C37: Loan Policy - Second Mortgage or Subsequent Issue | E37: 13.14.9.36 | F37: 653 | G37: 801720 | H37: Yes
A38: 2 | B38: 0204 | C38: Replacement Loan Policy | E38: 13.14.9.26 | H38: Yes
A39: 2 | B39: 0205 | C39: Loan Policy With Two-Year Claims Made Limitation | E39: 13.14.9.40A | H39: No
A40: 2 | B40: 0206 | C40: Extension of Loan Policy with Two-Year Claims Made Limitation | E40: 13.14.9.40B | H40: No
A41: 2 | B41: 0240 | C41: Loan Policy - Substitution Rate (within 3 years - 40%) | E41: 13.14.9.39 | H41: Yes
A42: 2 | B42: 0250 | C42: Loan Policy - Substitution Rate (more than 3 years, less than 5 - 50%) | E42: 13.14.9.39 | H42: Yes
A43: 2 | B43: 0260 | C43: Loan Policy - Substitution Rate (more than 5 years, less than 10 - 60%) | E43: 13.14.9.39 | H43: Yes
A44: 2 | B44: 0280 | C44: Loan Policy - Substitution Rate (more than 10 years, less than 20 - 80%) | E44: 13.14.9.39 | H44: Yes
A45: 6 | B45: 0600 | C45: Commitment for Title Insurance | E45: 13.14.9.19A | H45: No
A46: 9 | B46: 0900 | C46: Notice of Availability of Owner's Title Insurance | E46: None | H46: No
A47: 10 | B47: 1000 | C47: Facultative Reinsurance Agreement | E47: None | H47: No
A48: 11 | B48: 1101 | C48: Construction Loan Extension Endorsement | E48: 13.14.9.40A | H48: No
A49: 11 | B49: 1104 | C49: Correction/Multipurpose Endorsement | E49: 13.14.8.8 | H49: No
... A155: 2 | B155: 9280 | C155: Loan Policy - Statutory Rate (more than 10 years, less than 20 - 80%) | E155: 59A-30-6.1 NMSA 1978 | H155: Yes
E156: TOTAL: | F156: =SUM(F12:F155) -> 655 | G156: =SUM(G12:G155) -> 803289 | J156: =SUM(J12:J155) -> 0
F158: Crosscheck with Form 1: | G158: 803289
F159: Difference: | G159: =G158-G156 -> 0
B163: Explanation for Difference (if any):

Sheet Alamo Title Insurance Co
A1: NEW MEXICO TITLE INSURANCE UNDERWRITER'S STATISTICAL REPORT
A2: FORM 3: TRANSACTION REPORT
A3: For Calendar Year Ending December 31, 2021
A4: NEW MEXICO EXPERIENCE ONLY
C5: Insurance Company: | D5: Alamo Title Insurance | J5: For Underwriters That Charge Rates Below the Promulgated Rates
J7: Direct Premiums As If They Had Been Written at Promulgated Rates
H8: Dependent
A9: NM | B9: Trans- | G9: Direct | H9: on Basic
A10: Form | B10: action | E10: NMAC | F10: Number of | G10: Premiums | H10: Premium
A11: No. | B11: Code | C11: Transaction Type | E11: Regulation | F11: Transactions | G11: Written | H11: Rate?
A12: 1, 2 | B12: 0001 | C12: Charge For Additional Chain Of Title | E12: 13.14.9.16 | F12: 0 | G12: 0 | H12: No | J12: 0
A13: 1, 2 | B13: 0002 | C13: Charge For Unusual Complexity | E13: 13.14.9.16 | F13: 0 | G13: 0 | H13: Yes | J13: 0
A14: 1 | B14: 0003 | C14: Abstract Retirement Credit | E14: 13.14.9.24 | F14: 0 | G14: 0 | H14: Yes | J14: 0
A15: 2 | B15: 0004 | C15: Loan Policy - Mechanic's Lien Coverage With Evidence of Priority | E15: 13.14.5.12 | F15: 0 | G15: 0 | H15: No | J15: 0
A16: 2 | B16: 0005 | C16: Loan Policy - Mechanic's Lien Coverage Without Evidence of Priority | E16: 13.14.5.12 | F16: 0 | G16: 0 | H16: Yes | J16: 0
A17: 1 | B17: 0006 | C17: Owner's Policy - Mechanic's Lien Coverage - Filing Period Expired | E17: 13.14.5.12 | F17: 0 | G17: 0 | H17: No | J17: 0
A18: 1 | B18: 0007 | C18: Owner's Policy - Mechanic's Lien Coverage - Filing Period Not Expired | E18: 13.14.5.12 | F18: 0 | G18: 0 | H18: Yes | J18: 0
A19: 1 | B19: 0008 | C19: Survey Coverage - Owner Policy | E19: 13.14.5.1C | F19: 0 | G19: 0 | H19: Yes | J19: 0
A20: 22 | B20: 0009 | C20: Survey Coverage - Loan Policy | E20: 13.14.5.12C | F20: 0 | G20: 0 | H20: No | J20: 0
A21: 1 | B21: 0010 | C21: Owner Pro Forma Policy | E21: 13.14.9.19C | F21: 0 | G21: 0 | H21: No | J21: 0
A22: 2 | B22: 0011 | C22: Loan Pro Forma Policy | E22: 13.14.9.19C | F22: 0 | G22: 0 | H22: No | J22: 0
A23: 1 | B23: 0012 | C23: Duplicate Original Policy | E23: None | F23: 0 | G23: 0 | H23: No | J23: 0
... A155: 2 | B155: 9280 | C155: Loan Policy - Statutory Rate (more than 10 years, less than 20 - 80%) | E155: 59A-30-6.1 NMSA 1978 | F155: 0 | G155: 0 | H155: Yes | J155: 0
E156: TOTAL: | F156: =SUM(F12:F155) -> 0 | G156: =SUM(G12:G155) -> 0 | J156: =SUM(J12:J155) -> 0
F158: Crosscheck with Form 1: | G158: 0
F159: Difference: | G159: =G158-G156 -> 0
B160: Explanation for Difference (if any):

Sheet Alliant National Title Ins Co
A1: NEW MEXICO TITLE INSURANCE UNDERWRITER'S STATISTICAL REPORT
A2: FORM 3: TRANSACTION REPORT
A3: For Calendar Year Ending December 31, 2021
A4: NEW MEXICO EXPERIENCE ONLY
C5: Insurance Company: | D5: Alliant National Title Insurance Company, Inc. | J5: For Underwriters That Charge Rates Below the Promulgated Rates
J7: Direct Premiums As If They Had Been Written at Promulgated Rates
H8: Dependent
A9: NM | B9: Trans- | G9: Direct | H9: on Basic
A10: Form | B10: action | E10: NMAC | F10: Number of | G10: Premiums | H10: Premium
A11: No. | B11: Code | C11: Transaction Type | E11: Regulation | F11: Transactions | G11: Written | H11: Rate?
A12: 1, 2 | B12: 0001 | C12: Charge For Additional Chain Of Title | E12: 13.14.9.16 | H12: No
A13: 1, 2 | B13: 0002 | C13: Charge For Unusual Complexity | E13: 13.14.9.16 | F13: 4 | G13: 1086 | H13: Yes
A14: 1 | B14: 0003 | C14: Abstract Retirement Credit | E14: 13.14.9.24 | H14: Yes
A15: 2 | B15: 0004 | C15: Loan Policy - Mechanic's Lien Coverage With Evidence of Priority | E15: 13.14.5.12 | F15: 1318 | G15: 58840 | H15: No
A16: 2 | B16: 0005 | C16: Loan Policy - Mechanic's Lien Coverage Without Evidence of Priority | E16: 13.14.5.12 | H16: Yes
A17: 1 | B17: 0006 | C17: Owner's Policy - Mechanic's Lien Coverage - Filing Period Expired | E17: 13.14.5.12 | F17: 217 | G17: 10763 | H17: No
A18: 1 | B18: 0007 | C18: Owner's Policy - Mechanic's Lien Coverage - Filing Period Not Expired | E18: 13.14.5.12 | H18: Yes
A19: 1 | B19: 0008 | C19: Survey Coverage - Owner Policy | E19: 13.14.5.1C | F19: 397 | G19: 57022 | H19: Yes
A20: 22 | B20: 0009 | C20: Survey Coverage - Loan Policy | E20: 13.14.5.12C | F20: 37 | G20: 1850 | H20: No
A21: 1 | B21: 0010 | C21: Owner Pro Forma Policy | E21: 13.14.9.19C | F21: 1 | G21: 100 | H21: No
A22: 2 | B22: 0011 | C22: Loan Pro Forma Policy | E22: 13.14.9.19C | H22: No
A23: 1 | B23: 0012 | C23: Duplicate Original Policy | E23: None | F23: =12+987 -> 999 | G23: 48508 | H23: No
A24: none | B24: 0013 | C24: Cancellation Fee | E24: 13.14.9.19B | H24: No
A25: 1 | B25: 0101 | C25: Owner’s Policy | E25: 13.14.9.20 | F25: 864 | G25: 1072513 | H25: Yes
A26: 1 | B26: 0102 | C26: Owner’s Policy - With Bulk Rate | E26: 13.14.6.12 | F26: 267 | G26: 347394 | H26: Yes
A27: 1 | B27: 0103 | C27: Multiple Owners on Same Land - Simultaneous Issue | E27: 13.14.9.32 | H27: Yes
A28: 1, 2 | B28: 0104 | C28: Replacement Policy | E28: 13.14.9.26 | F28: 1 | G28: 978 | H28: Yes
A29: 1 | B29: 0105 | C29: Owner's Policy After Foreclosure | E29: 13.14.9.28 | H29: Yes
A30: 1 | B30: 0106 | C30: Owner's Policy - Terminated Foreclosure | E30: 13.14.9.28 | H30: Yes
A31: 1 | B31: 0110 | C31: Owner's Policy - Reissue (3 years or more since previous owner's policy was issued) | E31: 13.14.6.11 | F31: 267 | G31: 407914 | H31: Yes
A32: 1 | B32: 0115 | C32: Owner's Policy - Reissue (2 years or more but less than 3 years since previous owner's policy was issued) | E32: 13.14.6.11 | F32: 49 | G32: 80405 | H32: Yes
A33: 1 | B33: 0120 | C33: Owner's Policy - Reissue (More than 1 year but less than 2 years since previous owner's policy was issued) | E33: 13.14.6.11 | F33: 34 | G33: 52709 | H33: Yes
A34: 1 | B34: 0125 | C34: Owner's Policy - Reissue (1 y ear or less since previous owner's policy was issued) | E34: 13.14.6.11 | F34: 31 | G34: 37803 | H34: Yes
A35: 2 | B35: 0201 | C35: Loan Policy - Single Issue | E35: 13.14.9.22 | F35: 369 | G35: 284512 | H35: Yes
A36: 2 | B36: 0202 | C36: Loan Policy - Simultaneous Issue with Owner's Policy | E36: 13.14.9.22 | F36: 537 | G36: 82543 | H36: No
A37: 2 | B37: 0203 | C37: Loan Policy - Second Mortgage or Subsequent Issue | E37: 13.14.9.36 | F37: 24 | G37: 15739 | H37: Yes
A38: 2 | B38: 0204 | C38: Replacement Loan Policy | E38: 13.14.9.26 | F38: 21 | G38: 11487 | H38: Yes
A39: 2 | B39: 0205 | C39: Loan Policy With Two-Year Claims Made Limitation | E39: 13.14.9.40A | H39: No
A40: 2 | B40: 0206 | C40: Extension of Loan Policy with Two-Year Claims Made Limitation | E40: 13.14.9.40B | H40: No
A41: 2 | B41: 0240 | C41: Loan Policy - Substitution Rate (within 3 years - 40%) | E41: 13.14.9.39 | F41: 125 | G41: 83661 | H41: Yes
A42: 2 | B42: 0250 | C42: Loan Policy - Substitution Rate (more than 3 years, less than 5 - 50%) | E42: 13.14.9.39 | F42: 77 | G42: 51027 | H42: Yes
A43: 2 | B43: 0260 | C43: Loan Policy - Substitution Rate (more than 5 years, less than 10 - 60%) | E43: 13.14.9.39 | F43: 94 | G43: 79094 | H43: Yes
A44: 2 | B44: 0280 | C44: Loan Policy - Substitution Rate (more than 10 years, less than 20 - 80%) | E44: 13.14.9.39 | F44: 32 | G44: 30923 | H44: Yes
A45: 6 | B45: 0600 | C45: Commitment for Title Insurance | E45: 13.14.9.19A | F45: 1870 | G45: 170498 | H45: No
A46: 9 | B46: 0900 | C46: Notice of Availability of Owner's Title Insurance | E46: None | H46: No
A47: 10 | B47: 1000 | C47: Facultative Reinsurance Agreement | E47: None | H47: No
A48: 11 | B48: 1101 | C48: Construction Loan Extension Endorsement | E48: 13.14.9.40A | F48: 2 | G48: 0 | H48: No
A49: 11 | B49: 1104 | C49: Correction/Multipurpose Endorsement | E49: 13.14.8.8 | F49: 21 | G49: 225 | H49: No
A50: 11 | B50: 1105 | C50: Renewal, Extension and Partial Release Endorsement | E50: None | H50: No
A51: 11 | B51: 1106 | C51: Extension of Commitment for Title Insurance | E51: 13.14.9.19A | H51: No
A52: 11 | B52: 1108 | C52: Increase in Coverage | E52: 13.14.6.8C | H52: Yes
A53: 12 | B53: 1200 | C53: Condominium Endorsement - Assessments Priority (ALTA 4-06)(Rev:10-16-08) | E53: 13.14.8.42 | F53: 25 | G53: 1111 | H53: No
A54: 13 | B54: 1300 | C54: Planned Unit Development Endorsement - All Assessments (ALTA 5-06) (Rev: 10-16-08) | E54: 13.14.8.43 | F54: 386 | G54: 9025 | H54: No
A55: 13.1 | B55: 1301 | C55: Planned Unit Development Endorsement - Unpaid Assessments (ALTA 5.1-06) (Rev: 10-16.08) | E55: 13.14.8.43 | H55: No
A56: 14 | B56: 1400 | C56: Variable Rate Mortgage Endorsement (ALTA 6-06) | E56: None | F56: 17 | G56: 475 | H56: No
A57: 15 | B57: 1500 | C57: Variable Rate Mortgage Endorsement - Negative Amortization (ALTA 6.2-06) | E57: None | F57: 1 | G57: 25 | H57: No
A58: 16 | B58: 1600 | C58: Manufactured Housing Unit Endorsement (ALTA 7-06) | E58: None | F58: 26 | G58: 1950 | H58: No
A59: 16.1 | B59: 1601 | C59: Manufacture Housing Unit (Conversion Loan) Endorsement (ALTA 7.1-06) | E59: None | F59: 2 | G59: 150 | H59: No
A60: 16.2 | B60: 1602 | C60: Manufacture Housing Unit (Conversion Owner's) Endorsement (ALTA 7.2-06) | E60: None | H60: No
A61: 17 | B61: 1700 | C61: Revolving Credit Endorsement (ALTA 14-06) | E61: None | H61: No
A62: 18 | B62: 1800 | C62: Construction Loan Policy Endorsement A | E62: 13.14.9.40 | H62: Yes
A63: 20 | B63: 2000 | C63: Leasehold Owner's Endorsement (ALTA 13-06) | E63: 13.14.6.8E4 | H63: No
A64: 20 | B64: 2003 | C64: Leasehold Owner's Policy - Simultaneous Issue with Owner's Policy | E64: 13.14.9.20 | H64: Yes
A65: 20 | B65: 2010 | C65: Leasehold Owner's Policy - Reissue - 3 years or morer (10% Discount) | E65: 13.14.9.35 | H65: Yes
A66: 20 | B66: 2015 | C66: Leasehold Owner's Policy - Reissue - 2years or more, less than 3 years Reissue (15% Discount) | E66: 13.14.9.35 | H66: Yes
A67: 20 | B67: 2020 | C67: Leasehold Owner's Policy - Reissue - more than 1 year, less than 2 years (20% Discount) | E67: 13.14.9.35 | H67: Yes
A68: 20 | B68: 2025 | C68: Leasehold Owner's Policy - Reissue - 1 year or less | E68: 13.14.9.35 | H68: Yes
A69: 21 | B69: 2100 | C69: Leasehold Loan Endorsement (ALTA 13.1-06) | E69: 13.14.7.8F | H69: No
A70: 21.1 | B70: 2101 | C70: Leasehold Loan Policy - Simultaneous Issue with Owner's Policy | E70: 13.14.9.22 | H70: No
A71: 22 | B71: 2200 | C71: Pending Disbursement Down Date Endorsement | E71: None | F71: 13 | G71: 2525 | H71: No
A72: 23 | B72: 2300 | C72: Pending Improvements Endorsement | E72: None | F72: 2 | G72: 50 | H72: No
A73: 24 | B73: 2400 | C73: Assignment Endorsement (ALTA 10-06) | E73: None | H73: No
A74: 24.1 | B74: 2401 | C74: Assignment and Down Date Endorsement (ALTA 10.1-06) | E74: None | H74: No
A75: 25 | B75: 2500 | C75: Additional Advance Endorsement | E75: None | F75: 1 | G75: 181 | H75: No
A76: 26 | B76: 2600 | C76: Partial Coverage Endorsement | E76: None | H76: No
A77: 28 | B77: 2800 | C77: Non-Imputation - Full Equity Transfer Endorsement (ALTA 15-06) | E77: None | H77: No
A78: 28.1 | B78: 2801 | C78: Non-Imputation - Additional Interest Endorsement (ALTA 15.1-06) | E78: None | H78: No
A79: 28.2 | B79: 2802 | C79: Non-Imputation - Partial Equity Transfer Endorsement (ALTA 15.2-06) | E79: None | H79: No
A80: 29 | B80: 2900 | C80: Environmental Protection Lien Endorsement (ALTA 8.1) | E80: None | F80: 1263 | G80: 28500 | H80: No
A81: 30 | B81: 3000 | C81: Condominium Endorsement Unpaid Assessments (ALTA 4.1-06) | E81: 13.14.8.42 | F81: 13 | G81: 300 | H81: No
A82: 31 | B82: 3100 | C82: Owner's Leasehold Conversion Endorsement to Owner's Policy | E82: 13.14.9.38 | H82: Yes
A83: 33 | B83: 3300 | C83: Change of Name Endorsement | E83: None | H83: No
A84: 34 | B84: 3400 | C84: U.S. Policy ALTA (12-03-12) | E84: 13.14.6.9 | H84: Yes
A85: 41 | B85: 4100 | C85: Limited Pre-Foreclosure Title Insurance Policy (12-03-12) | E85: 13.14.7.18 | H85: Yes
A86: 42 | B86: 4200 | C86: Limited Pre-Foreclosure Title Insurance Policy Down Date Endorsement (ALTA 12-03-12) | E86: None | H86: No
A87: 43 | B87: 4300 | C87: Insuring Around Endorsement | E87: 13.14.8.12A | H87: No
A88: 44 | B88: 4400 | C88: Revolving Credit - Increased Credit Limit Endorsement | E88: None | H88: Yes
A89: 45 | B89: 4500 | C89: Residential Limited Coverage Junior Loan Policy ALTA (Rev. 08-01-12) | E89: 13.14.7.21 | H89: Yes
A90: 46 | B90: 4600 | C90: Down Date Endorsement to Residential Limited Coverage Junior Loan Policy JR1 (ALTA 08-01-12) | E90: None | F90: 1 | G90: 0 | H90: No
A91: 47 | B91: 4700 | C91: Endorsement to Residential Limited Coverage Junior Loan Policy JR2 (ALTA 08-01-12) | E91: None | H91: No
A92: 49 | B92: 4900 | C92: Notice of Availability of Future Increase in Coverage and Potential Premium Discounts for Future Policies | E92: 13.14.6.8.D | H92: No
A93: 50 | B93: 5000 | C93: Restrictions, Encroachments and Minerals Endorsement - Loan Policy (ALTA 9-06) | E93: 13.14.8.14 | F93: 10 | G93: 4000 | H93: Yes
A94: 50.1 | B94: 5001 | C94: Restrictions Encroachments, Minerals - Loan Policy Endorsement (ALTA 9.3-06) | E94: 13.14.8.14 | H94: Yes
A95: 51 | B95: 5100 | C95: Land Abuts Street Endorsement | E95: 13.14.8.15 | H95: No
A96: 52 | B96: 5200 | C96: Location Endorsement (ALTA 22) | E96: 13.14.8.16 | F96: 3 | G96: 50 | H96: No
A97: 54 | B97: 5400 | C97: Contiguity Single Parcel Endorsement (ALTA 19.1) | E97: 13.14.8.18 | F97: 1 | G97: 100 | H97: No
A98: 55 | B98: 5500 | C98: Named Insured Endorsement | E98: 13.14.10.40 | H98: No
A99: 56 | B99: 5600 | C99: Restrictions, Encroachments, Minerals - Owner's Policy (Unimproved Land) Endorsement (ALTA 9.1-06) | E99: 13.14.8.14 | F99: 2 | G99: 500 | H99: Yes
A100: 56.1 | B100: 5601 | C100: Restrictions, Encroachments, Minerals - Owner's Policy (Unimproved Land) Endorsement (ALTA 9.4-06) | E100: 13.14.8.14 | H100: Yes
A101: 57 | B101: 5700 | C101: Restrictions, Encroachments, Minerals - Owner's Policy (Improved Land) Endorsement (ALTA 9.2-06) | E101: 13.14.8.14 | H101: Yes
...

Sheet American Digital Title Ins Co
A1: NEW MEXICO TITLE INSURANCE UNDERWRITER'S STATISTICAL REPORT
A2: FORM 3: TRANSACTION REPORT
A3: For Calendar Year Ending December 31, 2021
A4: NEW MEXICO EXPERIENCE ONLY
C5: Insurance Company: | D5: American Digital Title Insurance Company | J5: For Underwriters That Charge Rates Below the Promulgated Rates
J7: Direct Premiums As If They Had Been Written at Promulgated Rates
H8: Dependent
A9: NM | B9: Trans- | G9: Direct | H9: on Basic
A10: Form | B10: action | E10: NMAC | F10: Number of | G10: Premiums | H10: Premium
A11: No. | B11: Code | C11: Transaction Type | E11: Regulation | F11: Transactions | G11: Written | H11: Rate?
A12: none | B12: 0001 | C12: Charge For Additional Chain Of Title | E12: 13.14.9.16 | F12: 0 | G12: 0 | H12: No | J12: 0
A13: none | B13: 0002 | C13: Charge For Unplatted Tract Of Unusual Complexity | E13: 13.14.9.16 | F13: 0 | G13: 0 | H13: Yes | J13: 0
A14: none | B14: 0003 | C14: Abstract Retirement Credit | E14: 13.14.9.24 | F14: 0 | G14: 0 | H14: Yes | J14: 0
A15: none | B15: 0004 | C15: Loan Policy - Mechanic's Lien Coverage With Evidence of Priority | E15: 13.14.9.40E | F15: 0 | G15: 0 | H15: No | J15: 0
A16: none | B16: 0005 | C16: Loan Policy - Mechanic's Lien Coverage Without Evidence of Priority | E16: 13.14.9.40E | F16: 0 | G16: 0 | H16: Yes | J16: 0
A17: none | B17: 0006 | C17: Owner's Policy - Mechanic's Lien Coverage - Filing Period Expired | E17: 13.14.10.9A | F17: 0 | G17: 0 | H17: No | J17: 0
A18: none | B18: 0007 | C18: Owner's Policy - Mechanic's Lien Coverage - Filing Period Not Expired | E18: 13.14.10.9B | F18: 0 | G18: 0 | H18: Yes | J18: 0
A19: none | B19: 0008 | C19: Survey Coverage Endorsement | E19: 13.14.10.10 | F19: 0 | G19: 0 | H19: Yes | J19: 0
A20: none | B20: 0009 | C20: Duplicate Original Policy | E20: 13.14.9.33 | F20: 0 | G20: 0 | H20: No | J20: 0
A21: none | B21: 0010 | C21: Owner Pro Forma Policy | E21: 13.14.5.13 | F21: 0 | G21: 0 | H21: No | J21: 0
A22: none | B22: 0011 | C22: Loan Pro Forma Policy | E22: 13.14.5.13 | F22: 0 | G22: 0 | H22: No | J22: 0
A23: none | B23: 0012 | C23: Duplicate Original Policy | E23: 13.14.9.33 | F23: 0 | G23: 0 | H23: No | J23: 0
... A152: 2 | B152: 9280 | C152: Loan Policy - Statutory Rate (more than 10 years, less than 20 - 80%) | E152: 59A-30-6.1 NMSA 1978 | F152: 0 | G152: 0 | H152: Yes | J152: 0
E153: TOTAL: | F153: =SUM(F12:F152) -> 0 | G153: =SUM(G12:G152) -> 0 | J153: =SUM(J12:J152) -> 0
F155: Crosscheck with Form 1: | G155: 0
F156: Difference: | G156: =G155-G153 -> 0
B157: Explanation for Difference (if any):

Sheet AmTrust Title Insurance Company
A1: NEW MEXICO TITLE INSURANCE UNDERWRITER'S STATISTICAL REPORT
A2: FORM 3: TRANSACTION REPORT
A3: For Calendar Year Ending December 31, 2021
A4: NEW MEXICO EXPERIENCE ONLY
C5: Insurance Company: | D5: AmTrust Title Insurance Company | J5: For Underwriters That Charge Rates Below the Promulgated Rates
J7: Direct Premiums As If They Had Been Written at Promulgated Rates
H8: Dependent
A9: NM | B9: Trans- | G9: Direct | H9: on Basic
A10: Form | B10: action | E10: NMAC | F10: Number of | G10: Premiums | H10: Premium
A11: No. | B11: Code | C11: Transaction Type | E11: Regulation | F11: Transactions | G11: Written | H11: Rate?
A12: 1, 2 | B12: 0001 | C12: Charge For Additional Chain Of Title | E12: 13.14.9.16 | H12: No
A13: 1, 2 | B13: 0002 | C13: Charge For Unusual Complexity | E13: 13.14.9.16 | H13: Yes
A14: 1 | B14: 0003 | C14: Abstract Retirement Credit | E14: 13.14.9.24 | H14: Yes
A15: 2 | B15: 0004 | C15: Loan Policy - Mechanic's Lien Coverage With Evidence of Priority | E15: 13.14.5.12 | H15: No
A16: 2 | B16: 0005 | C16: Loan Policy - Mechanic's Lien Coverage Without Evidence of Priority | E16: 13.14.5.12 | H16: Yes
A17: 1 | B17: 0006 | C17: Owner's Policy - Mechanic's Lien Coverage - Filing Period Expired | E17: 13.14.5.12 | H17: No
A18: 1 | B18: 0007 | C18: Owner's Policy - Mechanic's Lien Coverage - Filing Period Not Expired | E18: 13.14.5.12 | H18: Yes
A19: 1 | B19: 0008 | C19: Survey Coverage - Owner Policy | E19: 13.14.5.1C | H19: Yes
A20: 22 | B20: 0009 | C20: Survey Coverage - Loan Policy | E20: 13.14.5.12C | H20: No
A21: 1 | B21: 0010 | C21: Owner Pro Forma Policy | E21: 13.14.9.19C | H21: No
A22: 2 | B22: 0011 | C22: Loan Pro Forma Policy | E22: 13.14.9.19C | H22: No
A23: 1 | B23: 0012 | C23: Duplicate Original Policy | E23: None | H23: No
A24: none | B24: 0013 | C24: Cancellation Fee | E24: 13.14.9.19B | H24: No
A25: 1 | B25: 0101 | C25: Owner’s Policy | E25: 13.14.9.20 | F25: 2 | G25: 120892 | H25: Yes
A26: 1 | B26: 0102 | C26: Owner’s Policy - With Bulk Rate | E26: 13.14.6.12 | H26: Yes
A27: 1 | B27: 0103 | C27: Multiple Owners on Same Land - Simultaneous Issue | E27: 13.14.9.32 | H27: Yes
A28: 1, 2 | B28: 0104 | C28: Replacement Policy | E28: 13.14.9.26 | H28: Yes
A29: 1 | B29: 0105 | C29: Owner's Policy After Foreclosure | E29: 13.14.9.28 | H29: Yes
A30: 1 | B30: 0106 | C30: Owner's Policy - Terminated Foreclosure | E30: 13.14.9.28 | H30: Yes
A31: 1 | B31: 0110 | C31: Owner's Policy - Reissue (3 years or more since previous owner's policy was issued) | E31: 13.14.6.11 | H31: Yes
A32: 1 | B32: 0115 | C32: Owner's Policy - Reissue (2 years or more but less than 3 years since previous owner's policy was issued) | E32: 13.14.6.11 | H32: Yes
A33: 1 | B33: 0120 | C33: Owner's Policy - Reissue (More than 1 year but less than 2 years since previous owner's policy was issued) | E33: 13.14.6.11 | H33: Yes
A34: 1 | B34: 0125 | C34: Owner's Policy - Reissue (1 y ear or less since previous owner's policy was issued) | E34: 13.14.6.11 | H34: Yes
A35: 2 | B35: 0201 | C35: Loan Policy - Single Issue | E35: 13.14.9.22 | H35: Yes
A36: 2 | B36: 0202 | C36: Loan Policy - Simultaneous Issue with Owner's Policy | E36: 13.14.9.22 | H36: No
A37: 2 | B37: 0203 | C37: Loan Policy - Second Mortgage or Subsequent Issue | E37: 13.14.9.36 | H37: Yes
... A77: 28 | B77: 2800 | C77: Non-Imputation - Full Equity Transfer Endorsement (ALTA 15-06) | E77: None | H77: No
A78: 28.1 | B78: 2801 | C78: Non-Imputation - Additional Interest Endorsement (ALTA 15.1-06) | E78: None | F78: 1 | G78: 40000 | H78: No
A79: 28.2 | B79: 2802 | C79: Non-Imputation - Partial Equity Transfer Endorsement (ALTA 15.2-06) | E79: None | H79: No
A80: 29 | B80: 2900 | C80: Environmental Protection Lien Endorsement (ALTA 8.1) | E80: None | H80: No
A81: 30 | B81: 3000 | C81: Condominium Endorsement Unpaid Assessments (ALTA 4.1-06) | E81: 13.14.8.42 | H81: No
A82: 31 | B82: 3100 | C82: Owner's Leasehold Conversion Endorsement to Owner's Policy | E82: 13.14.9.38 | H82: Yes
A83: 33 | B83: 3300 | C83: Change of Name Endorsement | E83: None | H83: No
A84: 34 | B84: 3400 | C84: U.S. Policy ALTA (12-03-12) | E84: 13.14.6.9 | H84: Yes
A85: 41 | B85: 4100 | C85: Limited Pre-Foreclosure Title Insurance Policy (12-03-12) | E85: 13.14.7.18 | H85: Yes
A86: 42 | B86: 4200 | C86: Limited Pre-Foreclosure Title Insurance Policy Down Date Endorsement (ALTA 12-03-12) | E86: None | H86: No
A87: 43 | B87: 4300 | C87: Insuring Around Endorsement | E87: 13.14.8.12A | H87: No
A88: 44 | B88: 4400 | C88: Revolving Credit - Increased Credit Limit Endorsement | E88: None | H88: Yes
A89: 45 | B89: 4500 | C89: Residential Limited Coverage Junior Loan Policy ALTA (Rev. 08-01-12) | E89: 13.14.7.21 | H89: Yes
A90: 46 | B90: 4600 | C90: Down Date Endorsement to Residential Limited Coverage Junior Loan Policy JR1 (ALTA 08-01-12) | E90: None | H90: No
... A96: 52 | B96: 5200 | C96: Location Endorsement (ALTA 22) | E96: 13.14.8.16 | H96: No
A97: 54 | B97: 5400 | C97: Contiguity Single Parcel Endorsement (ALTA 19.1) | E97: 13.14.8.18 | F97: 1 | G97: 3639 | H97: No
A98: 55 | B98: 5500 | C98: Named Insured Endorsement | E98: 13.14.10.40 | H98: No
A99: 56 | B99: 5600 | C99: Restrictions, Encroachments, Minerals - Owner's Policy (Unimproved Land) Endorsement (ALTA 9.1-06) | E99: 13.14.8.14 | H99: Yes
A100: 56.1 | B100: 5601 | C100: Restrictions, Encroachments, Minerals - Owner's Policy (Unimproved Land) Endorsement (ALTA 9.4-06) | E100: 13.14.8.14 | H100: Yes
A101: 57 | B101: 5700 | C101: Restrictions, Encroachments, Minerals - Owner's Policy (Improved Land) Endorsement (ALTA 9.2-06) | E101: 13.14.8.14 | H101: Yes
A102: 57.1 | B102: 5701 | C102: Restrictions, Encroachments, Minerals - (Owner's Policy - Improved Land) Endorsement (ALTA 9.5-06) | E102: 13.14.8.14 | H102: Yes
A103: 58 | B103: 5800 | C103: First Loss - Multiple Parcel Transactions Endorsement (ALTA 20-06) | E103: 13.14.8.19 | H103: No
A104: 60 | B104: 6000 | C104: Aggregation Endorsement (ALTA 12-06) | E104: 13.14.8.20 | H104: No
A105: 60.1 | B105: 6001 | C105: Aggregation Endorsement (ALTA 12.1-06) | E105: 13.14.8.20 | H105: No
A106: 61 | B106: 6100 | C106: Foundation Endorsement | E106: 13.14.8.21 | H106: No
A107: 62 | B107: 6200 | C107: Assignment of Rents or Leases Endorsement (ALTA 37-06) 11-3-12 | E107: 13.14.8.22 | H107: No
A108: 63 | B108: 6300 | C108: Short Form Residential Loan Policy ALTA 12-03-12 | E108: 13.14.9.22 | H108: Yes
A109: 64 | B109: 6400 | C109: Zoning - Unimproved Land Endorsement (ALTA 3.0) | E109: 13.14.8.23 | H109: Yes
... A113: 65.2 | B113: 6502 | C113: Zoning - Completed Structure - No Applicable Zoning Ordinances Endorsement NM 65.2 | E113: 13.14.8.24 | H113: Yes
A114: 66 | B114: 6600 | C114: Contiguity - Multiple Parcels Endorsement (ALTA 19) | E114: 13.14.8.18 | F114: 1 | G114: 100 | H114: No
A115: 67 | B115: 6700 | C115: Access and Entry Endorsement (ALTA 17) | E115: 13.14.8.25 | F115: 2 | G115: 50 | H115: No
A116: 68 | B116: 6800 | C116: Indirect Access and Entry Endorsement (ALTA 17.1-06) | E116: 13.14.8.26 | H116: No
A117: 69 | B117: 6900 | C117: Utility Access Endorsement (ALTA 17.2-06) | E117: 13.14.8.27 | H117: No
A118: 70 | B118: 7000 | C118: Commercial Environmental Protection Lien Endorsement (ALTA 8.2-06) | E118: 13.14.8.28 | F118: 2 | G118: 50 | H118: No
A119: 71 | B119: 7100 | C119: Reverse Mortgage Endorsement (ALTA 14.3-06) | E119: 13.14.8.29 | H119: No
A120: 72 | B120: 7200 | C120: Single Tax Parcel Endorsement (ALTA 18-06) | E120: 13.14.8.30 | F120: 1 | G120: 25 | H120: No
A121: 73 | B121: 7300 | C121: Multiple Tax Parcel Endorsement (ALTA 18.1-06) | E121: 13.14.8.31 | F121: 1 | G121: 25 | H121: No
A122: 74 | B122: 7400 | C122: Doing Business Endorsement (ALTA 24-06) | E122: 13.14.8.32 | H122: No
A123: 75 | B123: 7500 | C123: Subdivision Endorsement (ALTA 26-06) | E123: 13.14.8.33 | H123: No
A124: 76 | B124: 7600 | C124: Easement-Damage or Enforced Removal Endorsement (ALTA 28-06) | E124: 13.14.8.34 | H124: No
A125: 77 | B125: 7700 | C125: Co-Insurance - Single Policy Endorsement (ALTA 23-06) | E125: 13.14.8.13 | H125: No
A126: 78 | B126: 7800 | C126: Same as Survey Endorsement (ALTA 25-06) | E126: 13.14.8.17 | F126: 2 | G126: 50 | H126: No
A127: 79 | B127: 7900 | C127: Same as Portion of Survey Endorsement (ALTA 25.1-06) | E127: 13.14.8.17 | H127: No
A128: 80 | B128: 8000 | C128: Mortgage Modification Endorsement (ALTA 11-06) | E128: None | H128: No
A129: 80.1 | B129: 8001 | C129: Mortgage Modification With Subordination Endorsement (ALTA 11.1-06 10-22-09) | E129: None | H129: No
A130: 80.2 | B130: 8002 | C130: Mortgage Modification With Additional Amount of Title Insurance Endorsement (ALTA 11.2-06) | E130: None | H130: No
A131: 81 | B131: 8100 | C131: Closing Protection Letter - Single Transaction (ALTA 4-2-14, but omitting exception 14) | E131: None | H131: No
A132: 81.1 | B132: 8101 | C132: Closing Protection Letter - Multiple Transactions (ALTA 4-2-14, but omitting exception 14) | E132: None | H132: No
A133: 82 | B133: 8200 | C133: Inter-Underwriter Indemnification Agreement | E133: None | H133: No
A134: 83 | B134: 8300 | C134: Construction Loan - Endorsement (ALTA 32.0-06) | E134: 13.14.9.40 | H134: No
A135: 83.1 | B135: 8301 | C135: Construction Loan - Direct Payment Endorsement (ALTA 32.1-06) | E135: 13.14.9.40 | H135: No
A136: 83.2 | B136: 8302 | C136: Construction Loan - Insured's Direct Payment Endorsement (ALTA 32-06) | E136: 13.14.9.40 | H136: No
A137: 84 | B137: 8400 | C137: Disbursement Endorsement (ALTA 33-06) | E137: 13.14.10.18 | H137: No
A138: 85 | B138: 8500 | C138: Identified Risk Coverage Endorsement | E138: 13.14.18.11 | H138: No
... A155: 2 | B155: 9280 | C155: Loan Policy - Statutory Rate (more than 10 years, less than 20 - 80%) | E155: 59A-30-6.1 NMSA 1978 | H155: Yes
E156: TOTAL: | F156: =SUM(F12:F155) -> 13 | G156: =SUM(G12:G155) -> 164831 | J156: =SUM(J12:J155) -> 0
F158: Crosscheck with Form 1: | G158: 164831
F159: Difference: | G159: =G158-G156 -> 0
B160: Explanation for Difference (if any):

Sheet Chicago Title Insurance Co
A1: NEW MEXICO TITLE INSURANCE UNDERWRITER'S STATISTICAL REPORT
A2: FORM 3: TRANSACTION REPORT
A3: For Calendar Year Ending December 31, 2021
A4: NEW MEXICO EXPERIENCE ONLY
C5: Insurance Company: | D5: Chicago Title Insurance Company | J5: For Underwriters That Charge Rates Below the Promulgated Rates
J7: Direct Premiums As If They Had Been Written at Promulgated Rates
H8: Dependent
A9: NM | B9: Trans- | G9: Direct | H9: on Basic
A10: Form | B10: action | E10: NMAC | F10: Number of | G10: Premiums | H10: Premium
A11: No. | B11: Code | C11: Transaction Type | E11: Regulation | F11: Transactions | G11: Written | H11: Rate?
A12: 1, 2 | B12: 0001 | C12: Charge For Additional Chain Of Title | E12: 13.14.9.16 | F12: 0 | G12: 0 | H12: No | J12: 0
A13: 1, 2 | B13: 0002 | C13: Charge For Unusual Complexity | E13: 13.14.9.16 | F13: 2 | G13: 1256 | H13: Yes | J13: 0
A14: 1 | B14: 0003 | C14: Abstract Retirement Credit | E14: 13.14.9.24 | F14: 0 | G14: 0 | H14: Yes | J14: 0
A15: 2 | B15: 0004 | C15: Loan Policy - Mechanic's Lien Coverage With Evidence of Priority | E15: 13.14.5.12 | F15: 3298 | G15: 164875 | H15: No | J15: 0
A16: 2 | B16: 0005 | C16: Loan Policy - Mechanic's Lien Coverage Without Evidence of Priority | E16: 13.14.5.12 | F16: 4 | G16: 7440 | H16: Yes | J16: 0
A17: 1 | B17: 0006 | C17: Owner's Policy - Mechanic's Lien Coverage - Filing Period Expired | E17: 13.14.5.12 | F17: 226 | G17: 11300 | H17: No | J17: 0
A18: 1 | B18: 0007 | C18: Owner's Policy - Mechanic's Lien Coverage - Filing Period Not Expired | E18: 13.14.5.12 | F18: 6 | G18: 3017 | H18: Yes | J18: 0
A19: 1 | B19: 0008 | C19: Survey Coverage - Owner Policy | E19: 13.14.5.1C | F19: 3429 | G19: 574967 | H19: Yes | J19: 0
A20: 22 | B20: 0009 | C20: Survey Coverage - Loan Policy | E20: 13.14.5.12C | F20: 0 | G20: 0 | H20: No | J20: 0
A21: 1 | B21: 0010 | C21: Owner Pro Forma Policy | E21: 13.14.9.19C | F21: 36 | G21: 3600 | H21: No | J21: 0
A22: 2 | B22: 0011 | C22: Loan Pro Forma Policy | E22: 13.14.9.19C | F22: 43 | G22: 4280 | H22: No | J22: 0
A23: 1 | B23: 0012 | C23: Duplicate Original Policy | E23: None | F23: 0 | G23: 0 | H23: No | J23: 0
... A155: 2 | B155: 9280 | C155: Loan Policy - Statutory Rate (more than 10 years, less than 20 - 80%) | E155: 59A-30-6.1 NMSA 1978 | F155: 0 | G155: 0 | H155: Yes | J155: 0
E156: TOTAL: | F156: =SUM(F12:F155) -> 23919 | G156: =SUM(G12:G155) -> 12200240 | J156: =SUM(J12:J155) -> 0
F158: Crosscheck with Form 1: | G158: 12200240
F159: Difference: | G159: =G158-G156 -> 0
B160: Explanation for Difference (if any):

Sheet Commonwealth Land Title Ins Co
A1: NEW MEXICO TITLE INSURANCE UNDERWRITER'S STATISTICAL REPORT
A2: FORM 3: TRANSACTION REPORT
A3: For Calendar Year Ending December 31, 2021
A4: NEW MEXICO EXPERIENCE ONLY
C5: Insurance Company: | D5: Commonwealth Land Title Insurance Company | J5: For Underwriters That Charge Rates Below the Promulgated Rates
J7: Direct Premiums As If They Had Been Written at Promulgated Rates
H8: Dependent
A9: NM | B9: Trans- | G9: Direct | H9: on Basic
A10: Form | B10: action | E10: NMAC | F10: Number of | G10: Premiums | H10: Premium
A11: No. | B11: Code | C11: Transaction Type | E11: Regulation | F11: Transactions | G11: Written | H11: Rate?
A12: none | B12: 0001 | C12: Charge For Additional Chain Of Title | E12: 13.14.9.16 | F12: 0 | G12: 0 | H12: No | J12: 0
A13: none | B13: 0002 | C13: Charge For Unplatted Tract Of Unusual Complexity | E13: 13.14.9.16 | F13: 0 | G13: 0 | H13: Yes | J13: 0
A14: none | B14: 0003 | C14: Abstract Retirement Credit | E14: 13.14.9.24 | F14: 0 | G14: 0 | H14: Yes | J14: 0
A15: none | B15: 0004 | C15: Loan Policy - Mechanic's Lien Coverage With Evidence of Priority | E15: 13.14.9.40E | F15: 1148 | G15: 57400 | H15: No | J15: 0
A16: none | B16: 0005 | C16: Loan Policy - Mechanic's Lien Coverage Without Evidence of Priority | E16: 13.14.9.40E | F16: 0 | G16: 0 | H16: Yes | J16: 0
A17: none | B17: 0006 | C17: Owner's Policy - Mechanic's Lien Coverage - Filing Period Expired | E17: 13.14.10.9A | F17: 86 | G17: 4250 | H17: No | J17: 0
A18: none | B18: 0007 | C18: Owner's Policy - Mechanic's Lien Coverage - Filing Period Not Expired | E18: 13.14.10.9B | F18: 2 | G18: 1234 | H18: Yes | J18: 0
A19: none | B19: 0008 | C19: Survey Coverage Endorsement | E19: 13.14.10.10 | F19: 1175 | G19: 166776.51 | H19: Yes | J19: 0
A20: none | B20: 0009 | C20: Duplicate Original Policy | E20: 13.14.9.33 | F20: 0 | G20: 0 | H20: No | J20: 0
A21: none | B21: 0010 | C21: Owner Pro Forma Policy | E21: 13.14.5.13 | F21: 17 | G21: 1700 | H21: No | J21: 0
A22: none | B22: 0011 | C22: Loan Pro Forma Policy | E22: 13.14.5.13 | F22: 21 | G22: 2100 | H22: No | J22: 0
A23: none | B23: 0012 | C23: Duplicate Original Policy | E23: 13.14.9.33 | F23: 0 | G23: 0 | H23: No | J23: 0
... A155: 2 | B155: 9280 | C155: Loan Policy - Statutory Rate (more than 10 years, less than 20 - 80%) | E155: 59A-30-6.1 NMSA 1978 | F155: 0 | G155: 0 | H155: Yes | J155: 0
E156: TOTAL: | F156: =SUM(F12:F155) -> 8610 | G156: =SUM(G12:G155) -> 3682784.8 | J156: =SUM(J12:J155) -> 0
F158: Crosscheck with Form 1: | G158: 3682785
F159: Difference: | G159: =G158-G156 -> 0.18
B160: Explanation for Difference (if any):

Sheet Fidelity National Title Ins Co
A1: NEW MEXICO TITLE INSURANCE UNDERWRITER'S STATISTICAL REPORT
A2: FORM 3: TRANSACTION REPORT
A3: For Calendar Year Ending December 31, 2021
A4: NEW MEXICO EXPERIENCE ONLY
C5: Insurance Company: | D5: Fidelity National Title Insurance Company | J5: For Underwriters That Charge Rates Below the Promulgated Rates
J7: Direct Premiums As If They Had Been Written at Promulgated Rates
H8: Dependent
A9: NM | B9: Trans- | G9: Direct | H9: on Basic
A10: Form | B10: action | E10: NMAC | F10: Number of | G10: Premiums | H10: Premium
A11: No. | B11: Code | C11: Transaction Type | E11: Regulation | F11: Transactions | G11: Written | H11: Rate?
A12: 1, 2 | B12: 0001 | C12: Charge For Additional Chain Of Title | E12: 13.14.9.16 | F12: 0 | G12: 0 | H12: No | J12: 0
A13: 1, 2 | B13: 0002 | C13: Charge For Unusual Complexity | E13: 13.14.9.16 | F13: 1 | G13: 1400 | H13: Yes | J13: 0
A14: 1 | B14: 0003 | C14: Abstract Retirement Credit | E14: 13.14.9.24 | F14: 0 | G14: 0 | H14: Yes | J14: 0
A15: 2 | B15: 0004 | C15: Loan Policy - Mechanic's Lien Coverage With Evidence of Priority | E15: 13.14.5.12 | F15: 19781 | G15: 989018 | H15: No | J15: 0
A16: 2 | B16: 0005 | C16: Loan Policy - Mechanic's Lien Coverage Without Evidence of Priority | E16: 13.14.5.12 | F16: 6 | G16: 9816 | H16: Yes | J16: 0
A17: 1 | B17: 0006 | C17: Owner's Policy - Mechanic's Lien Coverage - Filing Period Expired | E17: 13.14.5.12 | F17: 1006 | G17: 50300 | H17: No | J17: 0
A18: 1 | B18: 0007 | C18: Owner's Policy - Mechanic's Lien Coverage - Filing Period Not Expired | E18: 13.14.5.12 | F18: 15 | G18: 13432 | H18: Yes | J18: 0
A19: 1 | B19: 0008 | C19: Survey Coverage - Owner Policy | E19: 13.14.5.1C | F19: 19918 | G19: 1512663 | H19: Yes | J19: 0
A20: 22 | B20: 0009 | C20: Survey Coverage - Loan Policy | E20: 13.14.5.12C | F20: 2 | G20: 130 | H20: No | J20: 0
A21: 1 | B21: 0010 | C21: Owner Pro Forma Policy | E21: 13.14.9.19C | F21: 66 | G21: 6600 | H21: No | J21: 0
A22: 2 | B22: 0011 | C22: Loan Pro Forma Policy | E22: 13.14.9.19C | F22: 103 | G22: 10300 | H22: No | J22: 0
A23: 1 | B23: 0012 | C23: Duplicate Original Policy | E23: None | F23: 0 | G23: 0 | H23: No | J23: 0
... A155: 2 | B155: 9280 | C155: Loan Policy - Statutory Rate (more than 10 years, less than 20 - 80%) | E155: 59A-30-6.1 NMSA 1978 | F155: 0 | G155: 0 | H155: Yes | J155: 0
E156: TOTAL: | F156: =SUM(F12:F155) -> 133626 | G156: =SUM(G12:G155) -> 41059249 | J156: =SUM(J12:J155) -> 0
F158: Crosscheck with Form 1: | G158: 41059243
F159: Difference: | G159: =G158-G156 -> -6

Sheet First American Title Ins Co
A1: NEW MEXICO TITLE INSURANCE UNDERWRITER'S STATISTICAL REPORT
A2: FORM 3: TRANSACTION REPORT
A3: For Calendar Year Ending December 31, 2021
A4: NEW MEXICO EXPERIENCE ONLY
C5: Insurance Company: | D5: First American Title Insurance Company | J5: For Underwriters That Charge Rates Below the Promulgated Rates
J7: Direct Premiums As If They Had Been Written at Promulgated Rates
H8: Dependent
A9: NM | B9: Trans- | G9: Direct | H9: on Basic
A10: Form | B10: action | E10: NMAC | F10: Number of | G10: Premiums | H10: Premium
A11: No. | B11: Code | C11: Transaction Type | E11: Regulation | F11: Transactions | G11: Written | H11: Rate?
A12: 1, 2 | B12: 0001 | C12: Charge For Additional Chain Of Title | E12: 13.14.9.16 | F12: 5 | G12: 250 | H12: No
A13: 1, 2 | B13: 0002 | C13: Charge For Unusual Complexity | E13: 13.14.9.16 | F13: 3 | G13: 6125 | H13: Yes
A14: 1 | B14: 0003 | C14: Abstract Retirement Credit | E14: 13.14.9.24 | H14: Yes
A15: 2 | B15: 0004 | C15: Loan Policy - Mechanic's Lien Coverage With Evidence of Priority | E15: 13.14.5.12 | F15: 14841 | G15: 741070 | H15: No
A16: 2 | B16: 0005 | C16: Loan Policy - Mechanic's Lien Coverage Without Evidence of Priority | E16: 13.14.5.12 | F16: 20 | G16: 312690 | H16: Yes
A17: 1 | B17: 0006 | C17: Owner's Policy - Mechanic's Lien Coverage - Filing Period Expired | E17: 13.14.5.12 | F17: 1978 | G17: 98775 | H17: No
A18: 1 | B18: 0007 | C18: Owner's Policy - Mechanic's Lien Coverage - Filing Period Not Expired | E18: 13.14.5.12 | F18: 10 | G18: 18298 | H18: Yes
A19: 1 | B19: 0008 | C19: Survey Coverage - Owner Policy | E19: 13.14.5.1C | F19: 1871 | G19: 1128402 | H19: Yes
A20: 22 | B20: 0009 | C20: Survey Coverage - Loan Policy | E20: 13.14.5.12C | F20: 13640 | G20: 681845 | H20: No
A21: 1 | B21: 0010 | C21: Owner Pro Forma Policy | E21: 13.14.9.19C | F21: 129 | G21: 12850 | H21: No
A22: 2 | B22: 0011 | C22: Loan Pro Forma Policy | E22: 13.14.9.19C | F22: 210 | G22: 20950 | H22: No
A23: 1 | B23: 0012 | C23: Duplicate Original Policy | E23: None | F23: 1 | G23: 25 | H23: No
A24: none | B24: 0013 | C24: Cancellation Fee | E24: 13.14.9.19B | F24: 222 | G24: 14684 | H24: No
A25: 1 | B25: 0101 | C25: Owner’s Policy | E25: 13.14.9.20 | F25: 7093 | G25: 11886390 | H25: Yes
A26: 1 | B26: 0102 | C26: Owner’s Policy - With Bulk Rate | E26: 13.14.6.12 | F26: 1544 | G26: 1690339 | H26: Yes
... A39: 2 | B39: 0205 | C39: Loan Policy With Two-Year Claims Made Limitation | E39: 13.14.9.40A | F39: 520 | G39: 402616 | H39: No
A40: 2 | B40: 0206 | C40: Extension of Loan Policy with Two-Year Claims Made Limitation | E40: 13.14.9.40B | H40: No
A41: 2 | B41: 0240 | C41: Loan Policy - Substitution Rate (within 3 years - 40%) | E41: 13.14.9.39 | F41: 2315 | G41: 1426132 | H41: Yes
A42: 2 | B42: 0250 | C42: Loan Policy - Substitution Rate (more than 3 years, less than 5 - 50%) | E42: 13.14.9.39 | F42: 1243 | G42: 883867 | H42: Yes
A43: 2 | B43: 0260 | C43: Loan Policy - Substitution Rate (more than 5 years, less than 10 - 60%) | E43: 13.14.9.39 | F43: 1245 | G43: 1081026 | H43: Yes
A44: 2 | B44: 0280 | C44: Loan Policy - Substitution Rate (more than 10 years, less than 20 - 80%) | E44: 13.14.9.39 | F44: 439 | G44: 417878 | H44: Yes
A45: 6 | B45: 0600 | C45: Commitment for Title Insurance | E45: 13.14.9.19A | F45: 21301 | G45: 2129330 | H45: No
A46: 9 | B46: 0900 | C46: Notice of Availability of Owner's Title Insurance | E46: None | H46: No
A47: 10 | B47: 1000 | C47: Facultative Reinsurance Agreement | E47: None | H47: No
A48: 11 | B48: 1101 | C48: Construction Loan Extension Endorsement | E48: 13.14.9.40A | H48: No
A49: 11 | B49: 1104 | C49: Correction/Multipurpose Endorsement | E49: 13.14.8.8 | F49: 39 | G49: 975 | H49: No
A50: 11 | B50: 1105 | C50: Renewal, Extension and Partial Release Endorsement | E50: None | F50: 15 | G50: 840 | H50: No
A51: 11 | B51: 1106 | C51: Extension of Commitment for Title Insurance | E51: 13.14.9.19A | F51: 5 | G51: 350 | H51: No
A52: 11 | B52: 1108 | C52: Increase in Coverage | E52: 13.14.6.8C | H52: Yes
A53: 12 | B53: 1200 | C53: Condominium Endorsement - Assessments Priority (ALTA 4-06)(Rev:10-16-08) | E53: 13.14.8.42 | F53: 275 | G53: 6875 | H53: No
A54: 13 | B54: 1300 | C54: Planned Unit Development Endorsement - All Assessments (ALTA 5-06) (Rev: 10-16-08) | E54: 13.14.8.43 | F54: 2929 | G54: 73225 | H54: No
A55: 13.1 | B55: 1301 | C55: Planned Unit Development Endorsement - Unpaid Assessments (ALTA 5.1-06) (Rev: 10-16.08) | E55: 13.14.8.43 | F55: 122 | G55: 3050 | H55: No
A56: 14 | B56: 1400 | C56: Variable Rate Mortgage Endorsement (ALTA 6-06) | E56: None | F56: 275 | G56: 6913 | H56: No
A57: 15 | B57: 1500 | C57: Variable Rate Mortgage Endorsement - Negative Amortization (ALTA 6.2-06) | E57: None | F57: 71 | G57: 1775 | H57: No
A58: 16 | B58: 1600 | C58: Manufactured Housing Unit Endorsement (ALTA 7-06) | E58: None | F58: 349 | G58: 26175 | H58: No
A59: 16.1 | B59: 1601 | C59: Manufacture Housing Unit (Conversion Loan) Endorsement (ALTA 7.1-06) | E59: None | F59: 123 | G59: 9225 | H59: No
A60: 16.2 | B60: 1602 | C60: Manufacture Housing Unit (Conversion Owner's) Endorsement (ALTA 7.2-06) | E60: None | F60: 8 | G60: 600 | H60: No
A61: 17 | B61: 1700 | C61: Revolving Credit Endorsement (ALTA 14-06) | E61: None | F61: 21 | G61: 575 | H61: No
A62: 18 | B62: 1800 | C62: Construction Loan Policy Endorsement A | E62: 13.14.9.40 | H62: Yes
A63: 20 | B63: 2000 | C63: Leasehold Owner's Endorsement (ALTA 13-06) | E63: 13.14.6.8E4 | F63: 1 | G63: 0 | H63: No
A64: 20 | B64: 2003 | C64: Leasehold Owner's Policy - Simultaneous Issue with Owner's Policy | E64: 13.14.9.20 | F64: 23 | G64: 22681 | H64: Yes
A65: 20 | B65: 2010 | C65: Leasehold Owner's Policy - Reissue - 3 years or morer (10% Discount) | E65: 13.14.9.35 | F65: 8 | G65: 12840 | H65: Yes
A66: 20 | B66: 2015 | C66: Leasehold Owner's Policy - Reissue - 2years or more, less than 3 years Reissue (15% Discount) | E66: 13.14.9.35 | H66: Yes
A67: 20 | B67: 2020 | C67: Leasehold Owner's Policy - Reissue - more than 1 year, less than 2 years (20% Discount) | E67: 13.14.9.35 | H67: Yes
A68: 20 | B68: 2025 | C68: Leasehold Owner's Policy - Reissue - 1 year or less | E68: 13.14.9.35 | H68: Yes
A69: 21 | B69: 2100 | C69: Leasehold Loan Endorsement (ALTA 13.1-06) | E69: 13.14.7.8F | F69: 1 | G69: 0 | H69: No
A70: 21.1 | B70: 2101 | C70: Leasehold Loan Policy - Simultaneous Issue with Owner's Policy | E70: 13.14.9.22 | F70: 42 | G70: 5787 | H70: No
A71: 22 | B71: 2200 | C71: Pending Disbursement Down Date Endorsement | E71: None | F71: 102 | G71: 2550 | H71: No
A72: 23 | B72: 2300 | C72: Pending Improvements Endorsement | E72: None | F72: 22 | G72: 550 | H72: No
A73: 24 | B73: 2400 | C73: Assignment Endorsement (ALTA 10-06) | E73: None | F73: 3 | G73: 155 | H73: No
A74: 24.1 | B74: 2401 | C74: Assignment and Down Date Endorsement (ALTA 10.1-06) | E74: None | F74: 2 | G74: 90 | H74: No
A75: 25 | B75: 2500 | C75: Additional Advance Endorsement | E75: None | H75: No
A76: 26 | B76: 2600 | C76: Partial Coverage Endorsement | E76: None | F76: 39 | G76: 975 | H76: No
A77: 28 | B77: 2800 | C77: Non-Imputation - Full Equity Transfer Endorsement (ALTA 15-06) | E77: None | F77: 1 | G77: 31000 | H77: No
A78: 28.1 | B78: 2801 | C78: Non-Imputation - Additional Interest Endorsement (ALTA 15.1-06) | E78: None | F78: 2 | G78: 6428 | H78: No
A79: 28.2 | B79: 2802 | C79: Non-Imputation - Partial Equity Transfer Endorsement (ALTA 15.2-06) | E79: None | F79: 3 | G79: 11658 | H79: No
A80: 29 | B80: 2900 | C80: Environmental Protection Lien Endorsement (ALTA 8.1) | E80: None | F80: 14653 | G80: 366325 | H80: No
A81: 30 | B81: 3000 | C81: Condominium Endorsement Unpaid Assessments (ALTA 4.1-06) | E81: 13.14.8.42 | F81: 36 | G81: 900 | H81: No
A82: 31 | B82: 3100 | C82: Owner's Leasehold Conversion Endorsement to Owner's Policy | E82: 13.14.9.38 | H82: Yes
A83: 33 | B83: 3300 | C83: Change of Name Endorsement | E83: None | H83: No
A84: 34 | B84: 3400 | C84: U.S. Policy ALTA (12-03-12) | E84: 13.14.6.9 | F84: 3 | G84: 2985 | H84: Yes
A85: 41 | B85: 4100 | C85: Limited Pre-Foreclosure Title Insurance Policy (12-03-12) | E85: 13.14.7.18 | F85: 3 | G85: 3841 | H85: Yes
A86: 42 | B86: 4200 | C86: Limited Pre-Foreclosure Title Insurance Policy Down Date Endorsement (ALTA 12-03-12) | E86: None | H86: No
A87: 43 | B87: 4300 | C87: Insuring Around Endorsement | E87: 13.14.8.12A | F87: 1 | G87: 0 | H87: No
A88: 44 | B88: 4400 | C88: Revolving Credit - Increased Credit Limit Endorsement | E88: None | H88: Yes
A89: 45 | B89: 4500 | C89: Residential Limited Coverage Junior Loan Policy ALTA (Rev. 08-01-12) | E89: 13.14.7.21 | F89: 2 | G89: 162 | H89: Yes
A90: 46 | B90: 4600 | C90: Down Date Endorsement to Residential Limited Coverage Junior Loan Policy JR1 (ALTA 08-01-12) | E90: None | H90: No
A91: 47 | B91: 4700 | C91: Endorsement to Residential Limited Coverage Junior Loan Policy JR2 (ALTA 08-01-12) | E91: None | H91: No
A92: 49 | B92: 4900 | C92: Notice of Availability of Future Increase in Coverage and Potential Premium Discounts for Future Policies | E92: 13.14.6.8.D | H92: No
A93: 50 | B93: 5000 | C93: Restrictions, Encroachments and Minerals Endorsement - Loan Policy (ALTA 9-06) | E93: 13.14.8.14 | F93: 248 | G93: 368119 | H93: Yes
A94: 50.1 | B94: 5001 | C94: Restrictions Encroachments, Minerals - Loan Policy Endorsement (ALTA 9.3-06) | E94: 13.14.8.14 | F94: 39 | G94: 135516 | H94: Yes
A95: 51 | B95: 5100 | C95: Land Abuts Street Endorsement | E95: 13.14.8.15 | F95: 35 | G95: 875 | H95: No
A96: 52 | B96: 5200 | C96: Location Endorsement (ALTA 22) | E96: 13.14.8.16 | F96: 173 | G96: 4238 | H96: No
A97: 54 | B97: 5400 | C97: Contiguity Single Parcel Endorsement (ALTA 19.1) | E97: 13.14.8.18 | F97: 34 | G97: 3200 | H97: No
A98: 55 | B98: 5500 | C98: Named Insured Endorsement | E98: 13.14.10.40 | H98: No
A99: 56 | B99: 5600 | C99: Restrictions, Encroachments, Minerals - Owner's Policy (Unimproved Land) Endorsement (ALTA 9.1-06) | E99: 13.14.8.14 | F99: 13 | G99: 37767 | H99: Yes
A100: 56.1 | B100: 5601 | C100: Restrictions, Encroachments, Minerals - Owner's Policy (Unimproved Land) Endorsement (ALTA 9.4-06) | E100: 13.14.8.14 | F100: 4 | G100: 16985 | H100: Yes
A101: 57 | B101: 5700 | C101: Restrictions, Encroachments, Minerals - Owner's Policy (Improved Land) Endorsement (ALTA 9.2-06) | E101: 13.14.8.14 | F101: 82 | G101: 269344 | H101: Yes
A102: 57.1 | B102: 5701 | C102: Restrictions, Encroachments, Minerals - (Owner's Policy - Improved Land) Endorsement (ALTA 9.5-06) | E102: 13.14.8.14 | F102: 3 | G102: 8478 | H102: Yes
A103: 58 | B103: 5800 | C103: First Loss - Multiple Parcel Transactions Endorsement (ALTA 20-06) | E103: 13.14.8.19 | F103: 63 | G103: 1550 | H103: No
A104: 60 | B104: 6000 | C104: Aggregation Endorsement (ALTA 12-06) | E104: 13.14.8.20 | F104: 64 | G104: 1575 | H104: No
A105: 60.1 | B105: 6001 | C105: Aggregation Endorsement (ALTA 12.1-06) | E105: 13.14.8.20 | F105: 1 | G105: 25 | H105: No
A106: 61 | B106: 6100 | C106: Foundation Endorsement | E106: 13.14.8.21 | F106: 95 | G106: 2725 | H106: No
A107: 62 | B107: 6200 | C107: Assignment of Rents or Leases Endorsement (ALTA 37-06) 11-3-12 | E107: 13.14.8.22 | F107: 51 | G107: 5050 | H107: No
A108: 63 | B108: 6300 | C108: Short Form Residential Loan Policy ALTA 12-03-12 | E108: 13.14.9.22 | F108: 617 | G108: 574165 | H108: Yes
A109: 64 | B109: 6400 | C109: Zoning - Unimproved Land Endorsement (ALTA 3.0) | E109: 13.14.8.23 | F109: 8 | G109: 39453 | H109: Yes
A110: 64.1 | B110: 6401 | C110: Zoning - Unimproved Land - No Applicable Zoning Ordinances Endorsement | E110: 13.14.8.23 | F110: 7 | G110: 64812 | H110: Yes
... A128: 80 | B128: 8000 | C128: Mortgage Modification Endorsement (ALTA 11-06) | E128: None | F128: 55 | G128: 6875 | H128: No
A129: 80.1 | B129: 8001 | C129: Mortgage Modification With Subordination Endorsement (ALTA 11.1-06 10-22-09) | E129: None | H129: No
A130: 80.2 | B130: 8002 | C130: Mortgage Modification With Additional Amount of Title Insurance Endorsement (ALTA 11.2-06) | E130: None | F130: 32 | G130: 53307 | H130: No
...

Sheet First National Title Ins Co
A1: NEW MEXICO TITLE INSURANCE UNDERWRITER'S STATISTICAL REPORT
A2: FORM 3: TRANSACTION REPORT
A3: For Calendar Year Ending December 31, 2021
A4: NEW MEXICO EXPERIENCE ONLY
C5: Insurance Company: | D5: First National Title Insurance Company | J5: For Underwriters That Charge Rates Below the Promulgated Rates
J7: Direct Premiums As If They Had Been Written at Promulgated Rates
H8: Dependent
A9: NM | B9: Trans- | G9: Direct | H9: on Basic
A10: Form | B10: action | E10: NMAC | F10: Number of | G10: Premiums | H10: Premium
A11: No. | B11: Code | C11: Transaction Type | E11: Regulation | F11: Transactions | G11: Written | H11: Rate?
A12: 1, 2 | B12: 0001 | C12: Charge For Additional Chain Of Title | E12: 13.14.9.16 | H12: No
A13: 1, 2 | B13: 0002 | C13: Charge For Unusual Complexity | E13: 13.14.9.16 | H13: Yes
A14: 1 | B14: 0003 | C14: Abstract Retirement Credit | E14: 13.14.9.24 | H14: Yes
A15: 2 | B15: 0004 | C15: Loan Policy - Mechanic's Lien Coverage With Evidence of Priority | E15: 13.14.5.12 | F15: 765 | G15: 38300 | H15: No
A16: 2 | B16: 0005 | C16: Loan Policy - Mechanic's Lien Coverage Without Evidence of Priority | E16: 13.14.5.12 | H16: Yes
A17: 1 | B17: 0006 | C17: Owner's Policy - Mechanic's Lien Coverage - Filing Period Expired | E17: 13.14.5.12 | F17: 413 | G17: 20585 | H17: No
A18: 1 | B18: 0007 | C18: Owner's Policy - Mechanic's Lien Coverage - Filing Period Not Expired | E18: 13.14.5.12 | H18: Yes
A19: 1 | B19: 0008 | C19: Survey Coverage - Owner Policy | E19: 13.14.5.1C | F19: 431 | G19: 214803 | H19: Yes
A20: 22 | B20: 0009 | C20: Survey Coverage - Loan Policy | E20: 13.14.5.12C | F20: 699 | G20: 34980 | H20: No
A21: 1 | B21: 0010 | C21: Owner Pro Forma Policy | E21: 13.14.9.19C | H21: No
A22: 2 | B22: 0011 | C22: Loan Pro Forma Policy | E22: 13.14.9.19C | H22: No
A23: 1 | B23: 0012 | C23: Duplicate Original Policy | E23: None | H23: No
A24: none | B24: 0013 | C24: Cancellation Fee | E24: 13.14.9.19B | F24: 8 | G24: 200 | H24: No
A25: 1 | B25: 0101 | C25: Owner’s Policy | E25: 13.14.9.20 | F25: 739 | G25: 1569195 | H25: Yes
A26: 1 | B26: 0102 | C26: Owner’s Policy - With Bulk Rate | E26: 13.14.6.12 | F26: 20 | G26: 22694 | H26: Yes
A27: 1 | B27: 0103 | C27: Multiple Owners on Same Land - Simultaneous Issue | E27: 13.14.9.32 | H27: Yes
A28: 1, 2 | B28: 0104 | C28: Replacement Policy | E28: 13.14.9.26 | H28: Yes
A29: 1 | B29: 0105 | C29: Owner's Policy After Foreclosure | E29: 13.14.9.28 | H29: Yes
A30: 1 | B30: 0106 | C30: Owner's Policy - Terminated Foreclosure | E30: 13.14.9.28 | H30: Yes
A31: 1 | B31: 0110 | C31: Owner's Policy - Reissue (3 years or more since previous owner's policy was issued) | E31: 13.14.6.11 | F31: 198 | G31: 299314 | H31: Yes
A32: 1 | B32: 0115 | C32: Owner's Policy - Reissue (2 years or more but less than 3 years since previous owner's policy was issued) | E32: 13.14.6.11 | F32: 37 | G32: 53184 | H32: Yes
A33: 1 | B33: 0120 | C33: Owner's Policy - Reissue (More than 1 year but less than 2 years since previous owner's policy was issued) | E33: 13.14.6.11 | F33: 34 | G33: 72331 | H33: Yes
A34: 1 | B34: 0125 | C34: Owner's Policy - Reissue (1 y ear or less since previous owner's policy was issued) | E34: 13.14.6.11 | F34: 33 | G34: 39834 | H34: Yes
A35: 2 | B35: 0201 | C35: Loan Policy - Single Issue | E35: 13.14.9.22 | F35: 90 | G35: 140369 | H35: Yes
A36: 2 | B36: 0202 | C36: Loan Policy - Simultaneous Issue with Owner's Policy | E36: 13.14.9.22 | F36: 527 | G36: 64280 | H36: No
A37: 2 | B37: 0203 | C37: Loan Policy - Second Mortgage or Subsequent Issue | E37: 13.14.9.36 | F37: 16 | G37: 16469 | H37: Yes
A38: 2 | B38: 0204 | C38: Replacement Loan Policy | E38: 13.14.9.26 | F38: 1 | G38: 737 | H38: Yes
A39: 2 | B39: 0205 | C39: Loan Policy With Two-Year Claims Made Limitation | E39: 13.14.9.40A | F39: 20 | G39: 6363 | H39: No
A40: 2 | B40: 0206 | C40: Extension of Loan Policy with Two-Year Claims Made Limitation | E40: 13.14.9.40B | F40: 1 | G40: 996 | H40: No
A41: 2 | B41: 0240 | C41: Loan Policy - Substitution Rate (within 3 years - 40%) | E41: 13.14.9.39 | F41: 99 | G41: 39022 | H41: Yes
A42: 2 | B42: 0250 | C42: Loan Policy - Substitution Rate (more than 3 years, less than 5 - 50%) | E42: 13.14.9.39 | F42: 28 | G42: 17372 | H42: Yes
... A45: 6 | B45: 0600 | C45: Commitment for Title Insurance | E45: 13.14.9.19A | F45: 1269 | G45: 128220 | H45: No
A46: 9 | B46: 0900 | C46: Notice of Availability of Owner's Title Insurance | E46: None | H46: No
A47: 10 | B47: 1000 | C47: Facultative Reinsurance Agreement | E47: None | H47: No
A48: 11 | B48: 1101 | C48: Construction Loan Extension Endorsement | E48: 13.14.9.40A | H48: No
A49: 11 | B49: 1104 | C49: Correction/Multipurpose Endorsement | E49: 13.14.8.8 | F49: 3 | G49: 150 | H49: No
A50: 11 | B50: 1105 | C50: Renewal, Extension and Partial Release Endorsement | E50: None | H50: No
A51: 11 | B51: 1106 | C51: Extension of Commitment for Title Insurance | E51: 13.14.9.19A | H51: No
A52: 11 | B52: 1108 | C52: Increase in Coverage | E52: 13.14.6.8C | F52: 1 | G52: 1922 | H52: Yes
A53: 12 | B53: 1200 | C53: Condominium Endorsement - Assessments Priority (ALTA 4-06)(Rev:10-16-08) | E53: 13.14.8.42 | F53: 39 | G53: 975 | H53: No
A54: 13 | B54: 1300 | C54: Planned Unit Development Endorsement - All Assessments (ALTA 5-06) (Rev: 10-16-08) | E54: 13.14.8.43 | F54: 97 | G54: 2425 | H54: No
A55: 13.1 | B55: 1301 | C55: Planned Unit Development Endorsement - Unpaid Assessments (ALTA 5.1-06) (Rev: 10-16.08) | E55: 13.14.8.43 | F55: 55 | G55: 1375 | H55: No
A56: 14 | B56: 1400 | C56: Variable Rate Mortgage Endorsement (ALTA 6-06) | E56: None | F56: 23 | G56: 555 | H56: No
A57: 15 | B57: 1500 | C57: Variable Rate Mortgage Endorsement - Negative Amortization (ALTA 6.2-06) | E57: None | F57: 1 | G57: 25 | H57: No
A58: 16 | B58: 1600 | C58: Manufactured Housing Unit Endorsement (ALTA 7-06) | E58: None | F58: 10 | G58: 750 | H58: No
A59: 16.1 | B59: 1601 | C59: Manufacture Housing Unit (Conversion Loan) Endorsement (ALTA 7.1-06) | E59: None | F59: 2 | G59: 150 | H59: No
A60: 16.2 | B60: 1602 | C60: Manufacture Housing Unit (Conversion Owner's) Endorsement (ALTA 7.2-06) | E60: None | H60: No
A61: 17 | B61: 1700 | C61: Revolving Credit Endorsement (ALTA 14-06) | E61: None | F61: 1 | G61: 25 | H61: No
A62: 18 | B62: 1800 | C62: Construction Loan Policy Endorsement A | E62: 13.14.9.40 | H62: Yes
A63: 20 | B63: 2000 | C63: Leasehold Owner's Endorsement (ALTA 13-06) | E63: 13.14.6.8E4 | H63: No
A64: 20 | B64: 2003 | C64: Leasehold Owner's Policy - Simultaneous Issue with Owner's Policy | E64: 13.14.9.20 | H64: Yes
A65: 20 | B65: 2010 | C65: Leasehold Owner's Policy - Reissue - 3 years or morer (10% Discount) | E65: 13.14.9.35 | H65: Yes
A66: 20 | B66: 2015 | C66: Leasehold Owner's Policy - Reissue - 2years or more, less than 3 years Reissue (15% Discount) | E66: 13.14.9.35 | H66: Yes
A67: 20 | B67: 2020 | C67: Leasehold Owner's Policy - Reissue - more than 1 year, less than 2 years (20% Discount) | E67: 13.14.9.35 | H67: Yes
A68: 20 | B68: 2025 | C68: Leasehold Owner's Policy - Reissue - 1 year or less | E68: 13.14.9.35 | H68: Yes
A69: 21 | B69: 2100 | C69: Leasehold Loan Endorsement (ALTA 13.1-06) | E69: 13.14.7.8F | H69: No
A70: 21.1 | B70: 2101 | C70: Leasehold Loan Policy - Simultaneous Issue with Owner's Policy | E70: 13.14.9.22 | H70: No
A71: 22 | B71: 2200 | C71: Pending Disbursement Down Date Endorsement | E71: None | F71: 9 | G71: 1125 | H71: No
A72: 23 | B72: 2300 | C72: Pending Improvements Endorsement | E72: None | F72: 1 | G72: 25 | H72: No
A73: 24 | B73: 2400 | C73: Assignment Endorsement (ALTA 10-06) | E73: None | H73: No
A74: 24.1 | B74: 2401 | C74: Assignment and Down Date Endorsement (ALTA 10.1-06) | E74: None | H74: No
A75: 25 | B75: 2500 | C75: Additional Advance Endorsement | E75: None | H75: No
A76: 26 | B76: 2600 | C76: Partial Coverage Endorsement | E76: None | F76: 2 | G76: 50 | H76: No
A77: 28 | B77: 2800 | C77: Non-Imputation - Full Equity Transfer Endorsement (ALTA 15-06) | E77: None | H77: No
A78: 28.1 | B78: 2801 | C78: Non-Imputation - Additional Interest Endorsement (ALTA 15.1-06) | E78: None | H78: No
A79: 28.2 | B79: 2802 | C79: Non-Imputation - Partial Equity Transfer Endorsement (ALTA 15.2-06) | E79: None | H79: No
A80: 29 | B80: 2900 | C80: Environmental Protection Lien Endorsement (ALTA 8.1) | E80: None | F80: 727 | G80: 18225 | H80: No
A81: 30 | B81: 3000 | C81: Condominium Endorsement Unpaid Assessments (ALTA 4.1-06) | E81: 13.14.8.42 | F81: 15 | G81: 375 | H81: No
A82: 31 | B82: 3100 | C82: Owner's Leasehold Conversion Endorsement to Owner's Policy | E82: 13.14.9.38 | H82: Yes
A83: 33 | B83: 3300 | C83: Change of Name Endorsement | E83: None | H83: No
A84: 34 | B84: 3400 | C84: U.S. Policy ALTA (12-03-12) | E84: 13.14.6.9 | H84: Yes
A85: 41 | B85: 4100 | C85: Limited Pre-Foreclosure Title Insurance Policy (12-03-12) | E85: 13.14.7.18 | H85: Yes
A86: 42 | B86: 4200 | C86: Limited Pre-Foreclosure Title Insurance Policy Down Date Endorsement (ALTA 12-03-12) | E86: None | H86: No
A87: 43 | B87: 4300 | C87: Insuring Around Endorsement | E87: 13.14.8.12A | H87: No
A88: 44 | B88: 4400 | C88: Revolving Credit - Increased Credit Limit Endorsement | E88: None | H88: Yes
A89: 45 | B89: 4500 | C89: Residential Limited Coverage Junior Loan Policy ALTA (Rev. 08-01-12) | E89: 13.14.7.21 | H89: Yes
A90: 46 | B90: 4600 | C90: Down Date Endorsement to Residential Limited Coverage Junior Loan Policy JR1 (ALTA 08-01-12) | E90: None | H90: No
A91: 47 | B91: 4700 | C91: Endorsement to Residential Limited Coverage Junior Loan Policy JR2 (ALTA 08-01-12) | E91: None | H91: No
A92: 49 | B92: 4900 | C92: Notice of Availability of Future Increase in Coverage and Potential Premium Discounts for Future Policies | E92: 13.14.6.8.D | H92: No
A93: 50 | B93: 5000 | C93: Restrictions, Encroachments and Minerals Endorsement - Loan Policy (ALTA 9-06) | E93: 13.14.8.14 | F93: 4 | G93: 1130 | H93: Yes
A94: 50.1 | B94: 5001 | C94: Restrictions Encroachments, Minerals - Loan Policy Endorsement (ALTA 9.3-06) | E94: 13.14.8.14 | F94: 1 | G94: 1394 | H94: Yes
A95: 51 | B95: 5100 | C95: Land Abuts Street Endorsement | E95: 13.14.8.15 | F95: 1 | G95: 25 | H95: No
A96: 52 | B96: 5200 | C96: Location Endorsement (ALTA 22) | E96: 13.14.8.16 | F96: 4 | G96: 100 | H96: No
A97: 54 | B97: 5400 | C97: Contiguity Single Parcel Endorsement (ALTA 19.1) | E97: 13.14.8.18 | H97: No
A98: 55 | B98: 5500 | C98: Named Insured Endorsement | E98: 13.14.10.40 | H98: No
A99: 56 | B99: 5600 | C99: Restrictions, Encroachments, Minerals - Owner's Policy (Unimproved Land) Endorsement (ALTA 9.1-06) | E99: 13.14.8.14 | H99: Yes
A100: 56.1 | B100: 5601 | C100: Restrictions, Encroachments, Minerals - Owner's Policy (Unimproved Land) Endorsement (ALTA 9.4-06) | E100: 13.14.8.14 | H100: Yes
A101: 57 | B101: 5700 | C101: Restrictions, Encroachments, Minerals - Owner's Policy (Improved Land) Endorsement (ALTA 9.2-06) | E101: 13.14.8.14 | H101: Yes
A102: 57.1 | B102: 5701 | C102: Restrictions, Encroachments, Minerals - (Owner's Policy - Improved Land) Endorsement (ALTA 9.5-06) | E102: 13.14.8.14 | H102: Yes
A103: 58 | B103: 5800 | C103: First Loss - Multiple Parcel Transactions Endorsement (ALTA 20-06) | E103: 13.14.8.19 | H103: No
...

Sheet Investors Title Insurance Co
A1: NEW MEXICO TITLE INSURANCE UNDERWRITER'S STATISTICAL REPORT
A2: FORM 3: TRANSACTION REPORT
A3: For Calendar Year Ending December 31, 2021
A4: NEW MEXICO EXPERIENCE ONLY
C5: Insurance Company: | D5: Investors Title Insurance Company | J5: For Underwriters That Charge Rates Below the Promulgated Rates
J7: Direct Premiums As If They Had Been Written at Promulgated Rates
H8: Dependent
A9: NM | B9: Trans- | G9: Direct | H9: on Basic
A10: Form | B10: action | E10: NMAC | F10: Number of | G10: Premiums | H10: Premium
A11: No. | B11: Code | C11: Transaction Type | E11: Regulation | F11: Transactions | G11: Written | H11: Rate?
A12: 1, 2 | B12: 0001 | C12: Charge For Additional Chain Of Title | E12: 13.14.9.16 | F12: 0 | G12: 0 | H12: No | J12: 0
A13: 1, 2 | B13: 0002 | C13: Charge For Unusual Complexity | E13: 13.14.9.16 | F13: 0 | G13: 0 | H13: Yes | J13: 0
A14: 1 | B14: 0003 | C14: Abstract Retirement Credit | E14: 13.14.9.24 | F14: 0 | G14: 0 | H14: Yes | J14: 0
A15: 2 | B15: 0004 | C15: Loan Policy - Mechanic's Lien Coverage With Evidence of Priority | E15: 13.14.5.12 | F15: 0 | G15: 0 | H15: No | J15: 0
A16: 2 | B16: 0005 | C16: Loan Policy - Mechanic's Lien Coverage Without Evidence of Priority | E16: 13.14.5.12 | F16: 0 | G16: 0 | H16: Yes | J16: 0
A17: 1 | B17: 0006 | C17: Owner's Policy - Mechanic's Lien Coverage - Filing Period Expired | E17: 13.14.5.12 | F17: 0 | G17: 0 | H17: No | J17: 0
A18: 1 | B18: 0007 | C18: Owner's Policy - Mechanic's Lien Coverage - Filing Period Not Expired | E18: 13.14.5.12 | F18: 0 | G18: 0 | H18: Yes | J18: 0
A19: 1 | B19: 0008 | C19: Survey Coverage - Owner Policy | E19: 13.14.5.1C | F19: 0 | G19: 0 | H19: Yes | J19: 0
A20: 22 | B20: 0009 | C20: Survey Coverage - Loan Policy | E20: 13.14.5.12C | F20: 0 | G20: 0 | H20: No | J20: 0
A21: 1 | B21: 0010 | C21: Owner Pro Forma Policy | E21: 13.14.9.19C | F21: 0 | G21: 0 | H21: No | J21: 0
A22: 2 | B22: 0011 | C22: Loan Pro Forma Policy | E22: 13.14.9.19C | F22: 0 | G22: 0 | H22: No | J22: 0
A23: 1 | B23: 0012 | C23: Duplicate Original Policy | E23: None | F23: 0 | G23: 0 | H23: No | J23: 0
... A155: 2 | B155: 9280 | C155: Loan Policy - Statutory Rate (more than 10 years, less than 20 - 80%) | E155: 59A-30-6.1 NMSA 1978 | F155: 0 | G155: 0 | H155: Yes | J155: 0
E156: TOTAL: | F156: =SUM(F12:F155) -> 0 | G156: =SUM(G12:G155) -> 0 | J156: =SUM(J12:J155) -> 0
F158: Crosscheck with Form 1: | G158: 0
F159: Difference: | G159: =G158-G156 -> 0
B162: Explanation for Difference (if any):

Sheet National Title Insurance of NY 
A1: NEW MEXICO TITLE INSURANCE UNDERWRITER'S STATISTICAL REPORT
A2: FORM 3: TRANSACTION REPORT
A3: For Calendar Year Ending December 31, 2021
A4: NEW MEXICO EXPERIENCE ONLY
C5: Insurance Company: | D5: National Title Insurance of New York Inc. | J5: For Underwriters That Charge Rates Below the Promulgated Rates
J7: Direct Premiums As If They Had Been Written at Promulgated Rates
H8: Dependent
A9: NM | B9: Trans- | G9: Direct | H9: on Basic
A10: Form | B10: action | E10: NMAC | F10: Number of | G10: Premiums | H10: Premium
A11: No. | B11: Code | C11: Transaction Type | E11: Regulation | F11: Transactions | G11: Written | H11: Rate?
A12: 1, 2 | B12: 0001 | C12: Charge For Additional Chain Of Title | E12: 13.14.9.16 | F12: 0 | G12: 0 | H12: No | J12: 0
A13: 1, 2 | B13: 0002 | C13: Charge For Unusual Complexity | E13: 13.14.9.16 | F13: 0 | G13: 0 | H13: Yes | J13: 0
A14: 1 | B14: 0003 | C14: Abstract Retirement Credit | E14: 13.14.9.24 | F14: 0 | G14: 0 | H14: Yes | J14: 0
A15: 2 | B15: 0004 | C15: Loan Policy - Mechanic's Lien Coverage With Evidence of Priority | E15: 13.14.5.12 | F15: 0 | G15: 0 | H15: No | J15: 0
A16: 2 | B16: 0005 | C16: Loan Policy - Mechanic's Lien Coverage Without Evidence of Priority | E16: 13.14.5.12 | F16: 0 | G16: 0 | H16: Yes | J16: 0
A17: 1 | B17: 0006 | C17: Owner's Policy - Mechanic's Lien Coverage - Filing Period Expired | E17: 13.14.5.12 | F17: 0 | G17: 0 | H17: No | J17: 0
A18: 1 | B18: 0007 | C18: Owner's Policy - Mechanic's Lien Coverage - Filing Period Not Expired | E18: 13.14.5.12 | F18: 0 | G18: 0 | H18: Yes | J18: 0
A19: 1 | B19: 0008 | C19: Survey Coverage - Owner Policy | E19: 13.14.5.1C | F19: 0 | G19: 0 | H19: Yes | J19: 0
A20: 22 | B20: 0009 | C20: Survey Coverage - Loan Policy | E20: 13.14.5.12C | F20: 0 | G20: 0 | H20: No | J20: 0
A21: 1 | B21: 0010 | C21: Owner Pro Forma Policy | E21: 13.14.9.19C | F21: 0 | G21: 0 | H21: No | J21: 0
A22: 2 | B22: 0011 | C22: Loan Pro Forma Policy | E22: 13.14.9.19C | F22: 0 | G22: 0 | H22: No | J22: 0
A23: 1 | B23: 0012 | C23: Duplicate Original Policy | E23: None | F23: 0 | G23: 0 | H23: No | J23: 0
... A155: 2 | B155: 9280 | C155: Loan Policy - Statutory Rate (more than 10 years, less than 20 - 80%) | E155: 59A-30-6.1 NMSA 1978 | F155: 0 | G155: 0 | H155: Yes | J155: 0
F157: Crosscheck with Form 1: | G157: 0
F158: Difference: | G158: =G157-G155 -> 0
B159: Explanation for Difference (if any):

Sheet North American Title Ins
A1: NEW MEXICO TITLE INSURANCE UNDERWRITER'S STATISTICAL REPORT
A2: FORM 3: TRANSACTION REPORT
A3: For Calendar Year Ending December 31, 2021
A4: NEW MEXICO EXPERIENCE ONLY
C5: Insurance Company: | D5: North American Title Insurance Company | J5: For Underwriters That Charge Rates Below the Promulgated Rates
J7: Direct Premiums As If They Had Been Written at Promulgated Rates
H8: Dependent
A9: NM | B9: Trans- | G9: Direct | H9: on Basic
A10: Form | B10: action | E10: NMAC | F10: Number of | G10: Premiums | H10: Premium
A11: No. | B11: Code | C11: Transaction Type | E11: Regulation | F11: Transactions | G11: Written | H11: Rate?
A12: 1, 2 | B12: 0001 | C12: Charge For Additional Chain Of Title | E12: 13.14.9.16 | F12: 0 | G12: 0 | H12: No | J12: 0
A13: 1, 2 | B13: 0002 | C13: Charge For Unusual Complexity | E13: 13.14.9.16 | F13: 0 | G13: 0 | H13: Yes | J13: 0
A14: 1 | B14: 0003 | C14: Abstract Retirement Credit | E14: 13.14.9.24 | F14: 0 | G14: 0 | H14: Yes | J14: 0
A15: 2 | B15: 0004 | C15: Loan Policy - Mechanic's Lien Coverage With Evidence of Priority | E15: 13.14.5.12 | F15: 0 | G15: 0 | H15: No | J15: 0
A16: 2 | B16: 0005 | C16: Loan Policy - Mechanic's Lien Coverage Without Evidence of Priority | E16: 13.14.5.12 | F16: 0 | G16: 0 | H16: Yes | J16: 0
A17: 1 | B17: 0006 | C17: Owner's Policy - Mechanic's Lien Coverage - Filing Period Expired | E17: 13.14.5.12 | F17: 0 | G17: 0 | H17: No | J17: 0
A18: 1 | B18: 0007 | C18: Owner's Policy - Mechanic's Lien Coverage - Filing Period Not Expired | E18: 13.14.5.12 | F18: 0 | G18: 0 | H18: Yes | J18: 0
A19: 1 | B19: 0008 | C19: Survey Coverage - Owner Policy | E19: 13.14.5.1C | F19: 0 | G19: 0 | H19: Yes | J19: 0
A20: 22 | B20: 0009 | C20: Survey Coverage - Loan Policy | E20: 13.14.5.12C | F20: 0 | G20: 0 | H20: No | J20: 0
A21: 1 | B21: 0010 | C21: Owner Pro Forma Policy | E21: 13.14.9.19C | F21: 0 | G21: 0 | H21: No | J21: 0
A22: 2 | B22: 0011 | C22: Loan Pro Forma Policy | E22: 13.14.9.19C | F22: 0 | G22: 0 | H22: No | J22: 0
A23: 1 | B23: 0012 | C23: Duplicate Original Policy | E23: None | F23: 0 | G23: 0 | H23: No | J23: 0
... A155: 2 | B155: 9280 | C155: Loan Policy - Statutory Rate (more than 10 years, less than 20 - 80%) | E155: 59A-30-6.1 NMSA 1978 | F155: 0 | G155: 0 | H155: Yes | J155: 0
E156: TOTAL: | F156: =SUM(F12:F155) -> 0 | G156: =SUM(G12:G155) -> 0 | J156: =SUM(J12:J155) -> 0
F158: Crosscheck with Form 1: | G158: 0
F159: Difference: | G159: =G158-G156 -> 0
B160: Explanation for Difference (if any):

Sheet Old Republic National Title Ins
A1: NEW MEXICO TITLE INSURANCE UNDERWRITER'S STATISTICAL REPORT
A2: FORM 3: TRANSACTION REPORT
A3: For Calendar Year Ending December 31, 2021
A4: NEW MEXICO EXPERIENCE ONLY
C5: Insurance Company: | D5: Old Republic National Title Insurance Company | J5: For Underwriters That Charge Rates Below the Promulgated Rates
J7: Direct Premiums As If They Had Been Written at Promulgated Rates
H8: Dependent
A9: NM | B9: Trans- | G9: Direct | H9: on Basic
A10: Form | B10: action | E10: NMAC | F10: Number of | G10: Premiums | H10: Premium
A11: No. | B11: Code | C11: Transaction Type | E11: Regulation | F11: Transactions | G11: Written | H11: Rate?
A12: 1, 2 | B12: 0001 | C12: Charge For Additional Chain Of Title | E12: 13.14.9.16 | F12: 0 | G12: 0 | H12: No | J12: 0
A13: 1, 2 | B13: 0002 | C13: Charge For Unusual Complexity | E13: 13.14.9.16 | F13: 0 | G13: 0 | H13: Yes | J13: 0
A14: 1 | B14: 0003 | C14: Abstract Retirement Credit | E14: 13.14.9.24 | F14: 0 | G14: 0 | H14: Yes | J14: 0
A15: 2 | B15: 0004 | C15: Loan Policy - Mechanic's Lien Coverage With Evidence of Priority | E15: 13.14.5.12 | F15: 18433 | G15: 921574 | H15: No | J15: 0
A16: 2 | B16: 0005 | C16: Loan Policy - Mechanic's Lien Coverage Without Evidence of Priority | E16: 13.14.5.12 | F16: 380 | G16: 194025 | H16: Yes | J16: 0
A17: 1 | B17: 0006 | C17: Owner's Policy - Mechanic's Lien Coverage - Filing Period Expired | E17: 13.14.5.12 | F17: 988 | G17: 49400 | H17: No | J17: 0
A18: 1 | B18: 0007 | C18: Owner's Policy - Mechanic's Lien Coverage - Filing Period Not Expired | E18: 13.14.5.12 | F18: 7 | G18: 8496 | H18: Yes | J18: 0
A19: 1 | B19: 0008 | C19: Survey Coverage - Owner Policy | E19: 13.14.5.1C | F19: 965 | G19: 552968 | H19: Yes | J19: 0
A20: 22 | B20: 0009 | C20: Survey Coverage - Loan Policy | E20: 13.14.5.12C | F20: 17981 | G20: 925386 | H20: No | J20: 0
A21: 1 | B21: 0010 | C21: Owner Pro Forma Policy | E21: 13.14.9.19C | F21: 13 | G21: 1300 | H21: No | J21: 0
A22: 2 | B22: 0011 | C22: Loan Pro Forma Policy | E22: 13.14.9.19C | F22: 14 | G22: 2500 | H22: No | J22: 0
A23: 1 | B23: 0012 | C23: Duplicate Original Policy | E23: None | F23: 3 | G23: 195 | H23: No | J23: 0
... A155: 2 | B155: 9280 | C155: Loan Policy - Statutory Rate (more than 10 years, less than 20 - 80%) | E155: 59A-30-6.1 NMSA 1978 | F155: 62 | G155: 51619 | H155: Yes | J155: 0
E156: TOTAL: | F156: =SUM(F12:F155) -> 107449 | G156: =SUM(G12:G155) -> 34166530 | J156: =SUM(J12:J155) -> 0
F158: Crosscheck with Form 1: | G158: 32175862
F159: Difference: | G159: =G158-G156 -> -1990668
B160: Explanation for Difference (if any):
C161: Timing difference between the statistical premium reported based on detail policy information and the booking of the policy register amounts in the general ledger premium totals. The timing difference is
C162: made up of both premium booked in 2020 with corresponding policy detail information keyed in 2021 offset by premium booked in 2021 with policy detail being keyed in 2022.

Sheet Premier Land Title Insurance Co
A1: NEW MEXICO TITLE INSURANCE UNDERWRITER'S STATISTICAL REPORT
A2: FORM 3: TRANSACTION REPORT
A3: For Calendar Year Ending December 31, 2021
A4: NEW MEXICO EXPERIENCE ONLY
C5: Insurance Company: | D5: Premier Land Title Insurance Company | J5: For Underwriters That Charge Rates Below the Promulgated Rates
J7: Direct Premiums As If They Had Been Written at Promulgated Rates
H8: Dependent
A9: NM | B9: Trans- | G9: Direct | H9: on Basic
A10: Form | B10: action | E10: NMAC | F10: Number of | G10: Premiums | H10: Premium
A11: No. | B11: Code | C11: Transaction Type | E11: Regulation | F11: Transactions | G11: Written | H11: Rate?
A12: 1, 2 | B12: 0001 | C12: Charge For Additional Chain Of Title | E12: 13.14.9.16 | H12: No
A13: 1, 2 | B13: 0002 | C13: Charge For Unusual Complexity | E13: 13.14.9.16 | H13: Yes
A14: 1 | B14: 0003 | C14: Abstract Retirement Credit | E14: 13.14.9.24 | H14: Yes
A15: 2 | B15: 0004 | C15: Loan Policy - Mechanic's Lien Coverage With Evidence of Priority | E15: 13.14.5.12 | F15: 379 | G15: 18950 | H15: No
A16: 2 | B16: 0005 | C16: Loan Policy - Mechanic's Lien Coverage Without Evidence of Priority | E16: 13.14.5.12 | H16: Yes
A17: 1 | B17: 0006 | C17: Owner's Policy - Mechanic's Lien Coverage - Filing Period Expired | E17: 13.14.5.12 | F17: 9 | G17: 11580 | H17: No
A18: 1 | B18: 0007 | C18: Owner's Policy - Mechanic's Lien Coverage - Filing Period Not Expired | E18: 13.14.5.12 | H18: Yes
A19: 1 | B19: 0008 | C19: Survey Coverage - Owner Policy | E19: 13.14.5.1C | F19: 387 | G19: 22398.35 | H19: Yes
A20: 22 | B20: 0009 | C20: Survey Coverage - Loan Policy | E20: 13.14.5.12C | H20: No
A21: 1 | B21: 0010 | C21: Owner Pro Forma Policy | E21: 13.14.9.19C | H21: No
A22: 2 | B22: 0011 | C22: Loan Pro Forma Policy | E22: 13.14.9.19C | H22: No
A23: 1 | B23: 0012 | C23: Duplicate Original Policy | E23: None | H23: No
A24: none | B24: 0013 | C24: Cancellation Fee | E24: 13.14.9.19B | H24: No
A25: 1 | B25: 0101 | C25: Owner’s Policy | E25: 13.14.9.20 | H25: Yes
A26: 1 | B26: 0102 | C26: Owner’s Policy - With Bulk Rate | E26: 13.14.6.12 | F26: 417 | G26: 687623 | H26: Yes
A27: 1 | B27: 0103 | C27: Multiple Owners on Same Land - Simultaneous Issue | E27: 13.14.9.32 | H27: Yes
A28: 1, 2 | B28: 0104 | C28: Replacement Policy | E28: 13.14.9.26 | H28: Yes
A29: 1 | B29: 0105 | C29: Owner's Policy After Foreclosure | E29: 13.14.9.28 | H29: Yes
A30: 1 | B30: 0106 | C30: Owner's Policy - Terminated Foreclosure | E30: 13.14.9.28 | H30: Yes
A31: 1 | B31: 0110 | C31: Owner's Policy - Reissue (3 years or more since previous owner's policy was issued) | E31: 13.14.6.11 | H31: Yes
A32: 1 | B32: 0115 | C32: Owner's Policy - Reissue (2 years or more but less than 3 years since previous owner's policy was issued) | E32: 13.14.6.11 | H32: Yes
A33: 1 | B33: 0120 | C33: Owner's Policy - Reissue (More than 1 year but less than 2 years since previous owner's policy was issued) | E33: 13.14.6.11 | H33: Yes
A34: 1 | B34: 0125 | C34: Owner's Policy - Reissue (1 y ear or less since previous owner's policy was issued) | E34: 13.14.6.11 | H34: Yes
A35: 2 | B35: 0201 | C35: Loan Policy - Single Issue | E35: 13.14.9.22 | F35: 13 | G35: 7293 | H35: Yes
A36: 2 | B36: 0202 | C36: Loan Policy - Simultaneous Issue with Owner's Policy | E36: 13.14.9.22 | F36: 372 | G36: 37820 | H36: No
A37: 2 | B37: 0203 | C37: Loan Policy - Second Mortgage or Subsequent Issue | E37: 13.14.9.36 | H37: Yes
A38: 2 | B38: 0204 | C38: Replacement Loan Policy | E38: 13.14.9.26 | H38: Yes
A39: 2 | B39: 0205 | C39: Loan Policy With Two-Year Claims Made Limitation | E39: 13.14.9.40A | H39: No
A40: 2 | B40: 0206 | C40: Extension of Loan Policy with Two-Year Claims Made Limitation | E40: 13.14.9.40B | H40: No
A41: 2 | B41: 0240 | C41: Loan Policy - Substitution Rate (within 3 years - 40%) | E41: 13.14.9.39 | H41: Yes
A42: 2 | B42: 0250 | C42: Loan Policy - Substitution Rate (more than 3 years, less than 5 - 50%) | E42: 13.14.9.39 | H42: Yes
A43: 2 | B43: 0260 | C43: Loan Policy - Substitution Rate (more than 5 years, less than 10 - 60%) | E43: 13.14.9.39 | H43: Yes
A44: 2 | B44: 0280 | C44: Loan Policy - Substitution Rate (more than 10 years, less than 20 - 80%) | E44: 13.14.9.39 | H44: Yes
A45: 6 | B45: 0600 | C45: Commitment for Title Insurance | E45: 13.14.9.19A | F45: 420 | G45: 42000 | H45: No
A46: 9 | B46: 0900 | C46: Notice of Availability of Owner's Title Insurance | E46: None | H46: No
A47: 10 | B47: 1000 | C47: Facultative Reinsurance Agreement | E47: None | H47: No
A48: 11 | B48: 1101 | C48: Construction Loan Extension Endorsement | E48: 13.14.9.40A | H48: No
A49: 11 | B49: 1104 | C49: Correction/Multipurpose Endorsement | E49: 13.14.8.8 | H49: No
A50: 11 | B50: 1105 | C50: Renewal, Extension and Partial Release Endorsement | E50: None | H50: No
A51: 11 | B51: 1106 | C51: Extension of Commitment for Title Insurance | E51: 13.14.9.19A | H51: No
A52: 11 | B52: 1108 | C52: Increase in Coverage | E52: 13.14.6.8C | H52: Yes
A53: 12 | B53: 1200 | C53: Condominium Endorsement - Assessments Priority (ALTA 4-06)(Rev:10-16-08) | E53: 13.14.8.42 | H53: No
A54: 13 | B54: 1300 | C54: Planned Unit Development Endorsement - All Assessments (ALTA 5-06) (Rev: 10-16-08) | E54: 13.14.8.43 | F54: 369 | G54: 9225 | H54: No
A55: 13.1 | B55: 1301 | C55: Planned Unit Development Endorsement - Unpaid Assessments (ALTA 5.1-06) (Rev: 10-16.08) | E55: 13.14.8.43 | H55: No
A56: 14 | B56: 1400 | C56: Variable Rate Mortgage Endorsement (ALTA 6-06) | E56: None | H56: No
A57: 15 | B57: 1500 | C57: Variable Rate Mortgage Endorsement - Negative Amortization (ALTA 6.2-06) | E57: None | H57: No
A58: 16 | B58: 1600 | C58: Manufactured Housing Unit Endorsement (ALTA 7-06) | E58: None | H58: No
A59: 16.1 | B59: 1601 | C59: Manufacture Housing Unit (Conversion Loan) Endorsement (ALTA 7.1-06) | E59: None | H59: No
A60: 16.2 | B60: 1602 | C60: Manufacture Housing Unit (Conversion Owner's) Endorsement (ALTA 7.2-06) | E60: None | H60: No
A61: 17 | B61: 1700 | C61: Revolving Credit Endorsement (ALTA 14-06) | E61: None | H61: No
A62: 18 | B62: 1800 | C62: Construction Loan Policy Endorsement A | E62: 13.14.9.40 | H62: Yes
A63: 20 | B63: 2000 | C63: Leasehold Owner's Endorsement (ALTA 13-06) | E63: 13.14.6.8E4 | H63: No
A64: 20 | B64: 2003 | C64: Leasehold Owner's Policy - Simultaneous Issue with Owner's Policy | E64: 13.14.9.20 | H64: Yes
A65: 20 | B65: 2010 | C65: Leasehold Owner's Policy - Reissue - 3 years or morer (10% Discount) | E65: 13.14.9.35 | H65: Yes
A66: 20 | B66: 2015 | C66: Leasehold Owner's Policy - Reissue - 2years or more, less than 3 years Reissue (15% Discount) | E66: 13.14.9.35 | H66: Yes
... A79: 28.2 | B79: 2802 | C79: Non-Imputation - Partial Equity Transfer Endorsement (ALTA 15.2-06) | E79: None | H79: No
A80: 29 | B80: 2900 | C80: Environmental Protection Lien Endorsement (ALTA 8.1) | E80: None | F80: 379 | G80: 9475 | H80: No
A81: 30 | B81: 3000 | C81: Condominium Endorsement Unpaid Assessments (ALTA 4.1-06) | E81: 13.14.8.42 | H81: No
A82: 31 | B82: 3100 | C82: Owner's Leasehold Conversion Endorsement to Owner's Policy | E82: 13.14.9.38 | H82: Yes
A83: 33 | B83: 3300 | C83: Change of Name Endorsement | E83: None | H83: No
A84: 34 | B84: 3400 | C84: U.S. Policy ALTA (12-03-12) | E84: 13.14.6.9 | H84: Yes
A85: 41 | B85: 4100 | C85: Limited Pre-Foreclosure Title Insurance Policy (12-03-12) | E85: 13.14.7.18 | H85: Yes
A86: 42 | B86: 4200 | C86: Limited Pre-Foreclosure Title Insurance Policy Down Date Endorsement (ALTA 12-03-12) | E86: None | H86: No
A87: 43 | B87: 4300 | C87: Insuring Around Endorsement | E87: 13.14.8.12A | H87: No
A88: 44 | B88: 4400 | C88: Revolving Credit - Increased Credit Limit Endorsement | E88: None | H88: Yes
A89: 45 | B89: 4500 | C89: Residential Limited Coverage Junior Loan Policy ALTA (Rev. 08-01-12) | E89: 13.14.7.21 | H89: Yes
A90: 46 | B90: 4600 | C90: Down Date Endorsement to Residential Limited Coverage Junior Loan Policy JR1 (ALTA 08-01-12) | E90: None | H90: No
A91: 47 | B91: 4700 | C91: Endorsement to Residential Limited Coverage Junior Loan Policy JR2 (ALTA 08-01-12) | E91: None | H91: No
A92: 49 | B92: 4900 | C92: Notice of Availability of Future Increase in Coverage and Potential Premium Discounts for Future Policies | E92: 13.14.6.8.D | H92: No
... A155: 2 | B155: 9280 | C155: Loan Policy - Statutory Rate (more than 10 years, less than 20 - 80%) | E155: 59A-30-6.1 NMSA 1978 | H155: Yes
E156: TOTAL: | F156: =SUM(F12:F155) -> 2745 | G156: =SUM(G12:G155) -> 846364.35 | J156: =SUM(J12:J155) -> 0
F158: Crosscheck with Form 1: | G158: 846364.35
F159: Difference: | G159: =G158-G156 -> 0
B160: Explanation for Difference (if any):

Sheet Radian Title Insurance Inc
A1: NEW MEXICO TITLE INSURANCE UNDERWRITER'S STATISTICAL REPORT
A2: FORM 3: TRANSACTION REPORT
A3: For Calendar Year Ending December 31, 2021
A4: NEW MEXICO EXPERIENCE ONLY
C5: Insurance Company: | D5: Radian Title Insurance Inc. | J5: For Underwriters That Charge Rates Below the Promulgated Rates
J7: Direct Premiums As If They Had Been Written at Promulgated Rates
H8: Dependent
A9: NM | B9: Trans- | G9: Direct | H9: on Basic
A10: Form | B10: action | E10: NMAC | F10: Number of | G10: Premiums | H10: Premium
A11: No. | B11: Code | C11: Transaction Type | E11: Regulation | F11: Transactions | G11: Written | H11: Rate?
A12: 1, 2 | B12: 0001 | C12: Charge For Additional Chain Of Title | E12: 13.14.9.16 | H12: No
A13: 1, 2 | B13: 0002 | C13: Charge For Unusual Complexity | E13: 13.14.9.16 | H13: Yes
A14: 1 | B14: 0003 | C14: Abstract Retirement Credit | E14: 13.14.9.24 | H14: Yes
A15: 2 | B15: 0004 | C15: Loan Policy - Mechanic's Lien Coverage With Evidence of Priority | E15: 13.14.5.12 | H15: No
A16: 2 | B16: 0005 | C16: Loan Policy - Mechanic's Lien Coverage Without Evidence of Priority | E16: 13.14.5.12 | H16: Yes
A17: 1 | B17: 0006 | C17: Owner's Policy - Mechanic's Lien Coverage - Filing Period Expired | E17: 13.14.5.12 | H17: No
A18: 1 | B18: 0007 | C18: Owner's Policy - Mechanic's Lien Coverage - Filing Period Not Expired | E18: 13.14.5.12 | H18: Yes
A19: 1 | B19: 0008 | C19: Survey Coverage - Owner Policy | E19: 13.14.5.1C | H19: Yes
A20: 22 | B20: 0009 | C20: Survey Coverage - Loan Policy | E20: 13.14.5.12C | H20: No
A21: 1 | B21: 0010 | C21: Owner Pro Forma Policy | E21: 13.14.9.19C | H21: No
A22: 2 | B22: 0011 | C22: Loan Pro Forma Policy | E22: 13.14.9.19C | H22: No
A23: 1 | B23: 0012 | C23: Duplicate Original Policy | E23: None | H23: No
... A155: 2 | B155: 9280 | C155: Loan Policy - Statutory Rate (more than 10 years, less than 20 - 80%) | E155: 59A-30-6.1 NMSA 1978 | H155: Yes
E156: TOTAL: | F156: =SUM(F12:F155) -> 0 | G156: =SUM(G12:G155) -> 0 | J156: =SUM(J12:J155) -> 0
F158: Crosscheck with Form 1: | G158: 0
F159: Difference: | G159: =G158-G156 -> 0
B160: Explanation for Difference (if any):

Sheet Stewart Title Guaranty Company
A1: NEW MEXICO TITLE INSURANCE UNDERWRITER'S STATISTICAL REPORT
A2: FORM 3: TRANSACTION REPORT
A3: For Calendar Year Ending December 31, 2021
A4: NEW MEXICO EXPERIENCE ONLY
C5: Insurance Company: | D5: Stewart Title Guaranty Company | J5: For Underwriters That Charge Rates Below the Promulgated Rates
J7: Direct Premiums As If They Had Been Written at Promulgated Rates
H8: Dependent
A9: NM | B9: Trans- | G9: Direct | H9: on Basic
A10: Form | B10: action | E10: NMAC | F10: Number of | G10: Premiums | H10: Premium
A11: No. | B11: Code | C11: Transaction Type | E11: Regulation | F11: Transactions | G11: Written | H11: Rate?
A12: 1, 2 | B12: 0001 | C12: Charge For Additional Chain Of Title | E12: 13.14.9.16 | F12: 63 | G12: -1300 | H12: No
A13: 1, 2 | B13: 0002 | C13: Charge For Unusual Complexity | E13: 13.14.9.16 | F13: 10 | G13: 5609 | H13: Yes
A14: 1 | B14: 0003 | C14: Abstract Retirement Credit | E14: 13.14.9.24 | F14: 2 | G14: 318 | H14: Yes
A15: 2 | B15: 0004 | C15: Loan Policy - Mechanic's Lien Coverage With Evidence of Priority | E15: 13.14.5.12 | F15: 10168 | G15: 506770 | H15: No
A16: 2 | B16: 0005 | C16: Loan Policy - Mechanic's Lien Coverage Without Evidence of Priority | E16: 13.14.5.12 | F16: 8 | G16: 12855 | H16: Yes
A17: 1 | B17: 0006 | C17: Owner's Policy - Mechanic's Lien Coverage - Filing Period Expired | E17: 13.14.5.12 | F17: 858 | G17: 46839 | H17: No
A18: 1 | B18: 0007 | C18: Owner's Policy - Mechanic's Lien Coverage - Filing Period Not Expired | E18: 13.14.5.12 | F18: 0 | G18: 0 | H18: Yes
A19: 1 | B19: 0008 | C19: Survey Coverage - Owner Policy | E19: 13.14.5.1C | F19: 679 | G19: 458204 | H19: Yes
A20: 22 | B20: 0009 | C20: Survey Coverage - Loan Policy | E20: 13.14.5.12C | F20: 9703 | G20: 564891 | H20: No
A21: 1 | B21: 0010 | C21: Owner Pro Forma Policy | E21: 13.14.9.19C | F21: 23 | G21: 2300 | H21: No
A22: 2 | B22: 0011 | C22: Loan Pro Forma Policy | E22: 13.14.9.19C | F22: 58 | G22: 6625 | H22: No
A23: 1 | B23: 0012 | C23: Duplicate Original Policy | E23: None | F23: 1 | G23: 0 | H23: No
... A155: 2 | B155: 9280 | C155: Loan Policy - Statutory Rate (more than 10 years, less than 20 - 80%) | E155: 59A-30-6.1 NMSA 1978 | F155: -1 | G155: -784 | H155: Yes
E156: TOTAL: | F156: 68960 | G156: 24883122 | J156: 0
F158: Crosscheck with Form 1: | G158: 24578045
F159: Difference: | G159: -305077
B160: Explanation for Difference (if any):
C161: The difference of $(305,077) relates to the current year impact of accruals for unreported policies.

Sheet Title Resources Guaranty Co
A1: NEW MEXICO TITLE INSURANCE UNDERWRITER'S STATISTICAL REPORT
A2: FORM 3: TRANSACTION REPORT
A3: For Calendar Year Ending December 31, 2021
A4: NEW MEXICO EXPERIENCE ONLY
C5: Insurance Company: | D5: Title Resources Guaranty Company | J5: For Underwriters That Charge Rates Below the Promulgated Rates
J7: Direct Premiums As If They Had Been Written at Promulgated Rates
H8: Dependent
A9: NM | B9: Trans- | G9: Direct | H9: on Basic
A10: Form | B10: action | E10: NMAC | F10: Number of | G10: Premiums | H10: Premium
A11: No. | B11: Code | C11: Transaction Type | E11: Regulation | F11: Transactions | G11: Written | H11: Rate?
A12: 1, 2 | B12: 0001 | C12: Charge For Additional Chain Of Title | E12: 13.14.9.16 | H12: No
A13: 1, 2 | B13: 0002 | C13: Charge For Unusual Complexity | E13: 13.14.9.16 | H13: Yes
A14: 1 | B14: 0003 | C14: Abstract Retirement Credit | E14: 13.14.9.24 | H14: Yes
A15: 2 | B15: 0004 | C15: Loan Policy - Mechanic's Lien Coverage With Evidence of Priority | E15: 13.14.5.12 | F15: 106 | G15: 5300 | H15: No
A16: 2 | B16: 0005 | C16: Loan Policy - Mechanic's Lien Coverage Without Evidence of Priority | E16: 13.14.5.12 | H16: Yes
A17: 1 | B17: 0006 | C17: Owner's Policy - Mechanic's Lien Coverage - Filing Period Expired | E17: 13.14.5.12 | H17: No
A18: 1 | B18: 0007 | C18: Owner's Policy - Mechanic's Lien Coverage - Filing Period Not Expired | E18: 13.14.5.12 | H18: Yes
A19: 1 | B19: 0008 | C19: Survey Coverage - Owner Policy | E19: 13.14.5.1C | F19: 11 | G19: 550 | H19: Yes
A20: 22 | B20: 0009 | C20: Survey Coverage - Loan Policy | E20: 13.14.5.12C | F20: 95 | G20: 4750 | H20: No
A21: 1 | B21: 0010 | C21: Owner Pro Forma Policy | E21: 13.14.9.19C | H21: No
A22: 2 | B22: 0011 | C22: Loan Pro Forma Policy | E22: 13.14.9.19C | H22: No
A23: 1 | B23: 0012 | C23: Duplicate Original Policy | E23: None | H23: No
A24: none | B24: 0013 | C24: Cancellation Fee | E24: 13.14.9.19B | H24: No
A25: 1 | B25: 0101 | C25: Owner’s Policy | E25: 13.14.9.20 | H25: Yes
A26: 1 | B26: 0102 | C26: Owner’s Policy - With Bulk Rate | E26: 13.14.6.12 | F26: 114 | G26: 154365 | H26: Yes
A27: 1 | B27: 0103 | C27: Multiple Owners on Same Land - Simultaneous Issue | E27: 13.14.9.32 | H27: Yes
A28: 1, 2 | B28: 0104 | C28: Replacement Policy | E28: 13.14.9.26 | H28: Yes
A29: 1 | B29: 0105 | C29: Owner's Policy After Foreclosure | E29: 13.14.9.28 | H29: Yes
A30: 1 | B30: 0106 | C30: Owner's Policy - Terminated Foreclosure | E30: 13.14.9.28 | H30: Yes
A31: 1 | B31: 0110 | C31: Owner's Policy - Reissue (3 years or more since previous owner's policy was issued) | E31: 13.14.6.11 | H31: Yes
A32: 1 | B32: 0115 | C32: Owner's Policy - Reissue (2 years or more but less than 3 years since previous owner's policy was issued) | E32: 13.14.6.11 | H32: Yes
A33: 1 | B33: 0120 | C33: Owner's Policy - Reissue (More than 1 year but less than 2 years since previous owner's policy was issued) | E33: 13.14.6.11 | H33: Yes
A34: 1 | B34: 0125 | C34: Owner's Policy - Reissue (1 y ear or less since previous owner's policy was issued) | E34: 13.14.6.11 | H34: Yes
A35: 2 | B35: 0201 | C35: Loan Policy - Single Issue | E35: 13.14.9.22 | H35: Yes
A36: 2 | B36: 0202 | C36: Loan Policy - Simultaneous Issue with Owner's Policy | E36: 13.14.9.22 | F36: 106 | G36: 12537.84 | H36: No
A37: 2 | B37: 0203 | C37: Loan Policy - Second Mortgage or Subsequent Issue | E37: 13.14.9.36 | H37: Yes
A38: 2 | B38: 0204 | C38: Replacement Loan Policy | E38: 13.14.9.26 | H38: Yes
A39: 2 | B39: 0205 | C39: Loan Policy With Two-Year Claims Made Limitation | E39: 13.14.9.40A | H39: No
A40: 2 | B40: 0206 | C40: Extension of Loan Policy with Two-Year Claims Made Limitation | E40: 13.14.9.40B | H40: No
A41: 2 | B41: 0240 | C41: Loan Policy - Substitution Rate (within 3 years - 40%) | E41: 13.14.9.39 | H41: Yes
A42: 2 | B42: 0250 | C42: Loan Policy - Substitution Rate (more than 3 years, less than 5 - 50%) | E42: 13.14.9.39 | H42: Yes
A43: 2 | B43: 0260 | C43: Loan Policy - Substitution Rate (more than 5 years, less than 10 - 60%) | E43: 13.14.9.39 | H43: Yes
A44: 2 | B44: 0280 | C44: Loan Policy - Substitution Rate (more than 10 years, less than 20 - 80%) | E44: 13.14.9.39 | H44: Yes
A45: 6 | B45: 0600 | C45: Commitment for Title Insurance | E45: 13.14.9.19A | F45: 114 | G45: 11400 | H45: No
A46: 9 | B46: 0900 | C46: Notice of Availability of Owner's Title Insurance | E46: None | H46: No
A47: 10 | B47: 1000 | C47: Facultative Reinsurance Agreement | E47: None | H47: No
A48: 11 | B48: 1101 | C48: Construction Loan Extension Endorsement | E48: 13.14.9.40A | H48: No
A49: 11 | B49: 1104 | C49: Correction/Multipurpose Endorsement | E49: 13.14.8.8 | H49: No
A50: 11 | B50: 1105 | C50: Renewal, Extension and Partial Release Endorsement | E50: None | H50: No
A51: 11 | B51: 1106 | C51: Extension of Commitment for Title Insurance | E51: 13.14.9.19A | H51: No
A52: 11 | B52: 1108 | C52: Increase in Coverage | E52: 13.14.6.8C | H52: Yes
A53: 12 | B53: 1200 | C53: Condominium Endorsement - Assessments Priority (ALTA 4-06)(Rev:10-16-08) | E53: 13.14.8.42 | H53: No
A54: 13 | B54: 1300 | C54: Planned Unit Development Endorsement - All Assessments (ALTA 5-06) (Rev: 10-16-08) | E54: 13.14.8.43 | F54: 106 | G54: 2650 | H54: No
A55: 13.1 | B55: 1301 | C55: Planned Unit Development Endorsement - Unpaid Assessments (ALTA 5.1-06) (Rev: 10-16.08) | E55: 13.14.8.43 | H55: No
A56: 14 | B56: 1400 | C56: Variable Rate Mortgage Endorsement (ALTA 6-06) | E56: None | H56: No
A57: 15 | B57: 1500 | C57: Variable Rate Mortgage Endorsement - Negative Amortization (ALTA 6.2-06) | E57: None | H57: No
A58: 16 | B58: 1600 | C58: Manufactured Housing Unit Endorsement (ALTA 7-06) | E58: None | H58: No
A59: 16.1 | B59: 1601 | C59: Manufacture Housing Unit (Conversion Loan) Endorsement (ALTA 7.1-06) | E59: None | H59: No
A60: 16.2 | B60: 1602 | C60: Manufacture Housing Unit (Conversion Owner's) Endorsement (ALTA 7.2-06) | E60: None | H60: No
A61: 17 | B61: 1700 | C61: Revolving Credit Endorsement (ALTA 14-06) | E61: None | H61: No
A62: 18 | B62: 1800 | C62: Construction Loan Policy Endorsement A | E62: 13.14.9.40 | H62: Yes
A63: 20 | B63: 2000 | C63: Leasehold Owner's Endorsement (ALTA 13-06) | E63: 13.14.6.8E4 | H63: No
A64: 20 | B64: 2003 | C64: Leasehold Owner's Policy - Simultaneous Issue with Owner's Policy | E64: 13.14.9.20 | H64: Yes
A65: 20 | B65: 2010 | C65: Leasehold Owner's Policy - Reissue - 3 years or morer (10% Discount) | E65: 13.14.9.35 | H65: Yes
A66: 20 | B66: 2015 | C66: Leasehold Owner's Policy - Reissue - 2years or more, less than 3 years Reissue (15% Discount) | E66: 13.14.9.35 | H66: Yes
... A79: 28.2 | B79: 2802 | C79: Non-Imputation - Partial Equity Transfer Endorsement (ALTA 15.2-06) | E79: None | H79: No
A80: 29 | B80: 2900 | C80: Environmental Protection Lien Endorsement (ALTA 8.1) | E80: None | F80: 106 | G80: 2650 | H80: No
A81: 30 | B81: 3000 | C81: Condominium Endorsement Unpaid Assessments (ALTA 4.1-06) | E81: 13.14.8.42 | H81: No
A82: 31 | B82: 3100 | C82: Owner's Leasehold Conversion Endorsement to Owner's Policy | E82: 13.14.9.38 | H82: Yes
A83: 33 | B83: 3300 | C83: Change of Name Endorsement | E83: None | H83: No
A84: 34 | B84: 3400 | C84: U.S. Policy ALTA (12-03-12) | E84: 13.14.6.9 | H84: Yes
A85: 41 | B85: 4100 | C85: Limited Pre-Foreclosure Title Insurance Policy (12-03-12) | E85: 13.14.7.18 | H85: Yes
A86: 42 | B86: 4200 | C86: Limited Pre-Foreclosure Title Insurance Policy Down Date Endorsement (ALTA 12-03-12) | E86: None | H86: No
A87: 43 | B87: 4300 | C87: Insuring Around Endorsement | E87: 13.14.8.12A | H87: No
A88: 44 | B88: 4400 | C88: Revolving Credit - Increased Credit Limit Endorsement | E88: None | H88: Yes
A89: 45 | B89: 4500 | C89: Residential Limited Coverage Junior Loan Policy ALTA (Rev. 08-01-12) | E89: 13.14.7.21 | H89: Yes
A90: 46 | B90: 4600 | C90: Down Date Endorsement to Residential Limited Coverage Junior Loan Policy JR1 (ALTA 08-01-12) | E90: None | H90: No
A91: 47 | B91: 4700 | C91: Endorsement to Residential Limited Coverage Junior Loan Policy JR2 (ALTA 08-01-12) | E91: None | H91: No
A92: 49 | B92: 4900 | C92: Notice of Availability of Future Increase in Coverage and Potential Premium Discounts for Future Policies | E92: 13.14.6.8.D | H92: No
... A155: 2 | B155: 9280 | C155: Loan Policy - Statutory Rate (more than 10 years, less than 20 - 80%) | E155: 59A-30-6.1 NMSA 1978 | H155: Yes
E156: TOTAL: | F156: =SUM(F12:F155) -> 758 | G156: =SUM(G12:G155) -> 194202.84 | J156: =SUM(J12:J155) -> 0
F158: Crosscheck with Form 1: | G158: 194203
F159: Difference: | G159: =G158-G156 -> 0.16
B160: Explanation for Difference (if any):

Sheet Westcor Land Title
A1: NEW MEXICO TITLE INSURANCE UNDERWRITER'S STATISTICAL REPORT
A2: FORM 3: TRANSACTION REPORT
A3: For Calendar Year Ending December 31, 2021
A4: NEW MEXICO EXPERIENCE ONLY
C5: Insurance Company: | D5: Westcor Land Title Insurance Company | J5: For Underwriters That Charge Rates Below the Promulgated Rates
J7: Direct Premiums As If They Had Been Written at Promulgated Rates
H8: Dependent
A9: NM | B9: Trans- | G9: Direct | H9: on Basic
A10: Form | B10: action | E10: NMAC | F10: Number of | G10: Premiums | H10: Premium
A11: No. | B11: Code | C11: Transaction Type | E11: Regulation | F11: Transactions | G11: Written | H11: Rate?
A12: 1, 2 | B12: 0001 | C12: Charge For Additional Chain Of Title | E12: 13.14.9.16 | H12: No
A13: 1, 2 | B13: 0002 | C13: Charge For Unusual Complexity | E13: 13.14.9.16 | H13: Yes
A14: 1 | B14: 0003 | C14: Abstract Retirement Credit | E14: 13.14.9.24 | H14: Yes
A15: 2 | B15: 0004 | C15: Loan Policy - Mechanic's Lien Coverage With Evidence of Priority | E15: 13.14.5.12 | H15: No
A16: 2 | B16: 0005 | C16: Loan Policy - Mechanic's Lien Coverage Without Evidence of Priority | E16: 13.14.5.12 | H16: Yes
A17: 1 | B17: 0006 | C17: Owner's Policy - Mechanic's Lien Coverage - Filing Period Expired | E17: 13.14.5.12 | H17: No
A18: 1 | B18: 0007 | C18: Owner's Policy - Mechanic's Lien Coverage - Filing Period Not Expired | E18: 13.14.5.12 | H18: Yes
A19: 1 | B19: 0008 | C19: Survey Coverage - Owner Policy | E19: 13.14.5.1C | H19: Yes
A20: 22 | B20: 0009 | C20: Survey Coverage - Loan Policy | E20: 13.14.5.12C | H20: No
A21: 1 | B21: 0010 | C21: Owner Pro Forma Policy | E21: 13.14.9.19C | H21: No
A22: 2 | B22: 0011 | C22: Loan Pro Forma Policy | E22: 13.14.9.19C | H22: No
A23: 1 | B23: 0012 | C23: Duplicate Original Policy | E23: None | H23: No
A24: none | B24: 0013 | C24: Cancellation Fee | E24: 13.14.9.19B | H24: No
A25: 1 | B25: 0101 | C25: Owner’s Policy | E25: 13.14.9.20 | F25: 19 | G25: 18267 | H25: Yes
A26: 1 | B26: 0102 | C26: Owner’s Policy - With Bulk Rate | E26: 13.14.6.12 | H26: Yes
A27: 1 | B27: 0103 | C27: Multiple Owners on Same Land - Simultaneous Issue | E27: 13.14.9.32 | H27: Yes
A28: 1, 2 | B28: 0104 | C28: Replacement Policy | E28: 13.14.9.26 | H28: Yes
A29: 1 | B29: 0105 | C29: Owner's Policy After Foreclosure | E29: 13.14.9.28 | H29: Yes
A30: 1 | B30: 0106 | C30: Owner's Policy - Terminated Foreclosure | E30: 13.14.9.28 | H30: Yes
A31: 1 | B31: 0110 | C31: Owner's Policy - Reissue (3 years or more since previous owner's policy was issued) | E31: 13.14.6.11 | H31: Yes
A32: 1 | B32: 0115 | C32: Owner's Policy - Reissue (2 years or more but less than 3 years since previous owner's policy was issued) | E32: 13.14.6.11 | H32: Yes
A33: 1 | B33: 0120 | C33: Owner's Policy - Reissue (More than 1 year but less than 2 years since previous owner's policy was issued) | E33: 13.14.6.11 | H33: Yes
A34: 1 | B34: 0125 | C34: Owner's Policy - Reissue (1 y ear or less since previous owner's policy was issued) | E34: 13.14.6.11 | H34: Yes
A35: 2 | B35: 0201 | C35: Loan Policy - Single Issue | E35: 13.14.9.22 | F35: 83 | G35: 84015.5 | H35: Yes
A36: 2 | B36: 0202 | C36: Loan Policy - Simultaneous Issue with Owner's Policy | E36: 13.14.9.22 | F36: 9 | G36: 1292 | H36: No
A37: 2 | B37: 0203 | C37: Loan Policy - Second Mortgage or Subsequent Issue | E37: 13.14.9.36 | H37: Yes
A38: 2 | B38: 0204 | C38: Replacement Loan Policy | E38: 13.14.9.26 | H38: Yes
A39: 2 | B39: 0205 | C39: Loan Policy With Two-Year Claims Made Limitation | E39: 13.14.9.40A | H39: No
A40: 2 | B40: 0206 | C40: Extension of Loan Policy with Two-Year Claims Made Limitation | E40: 13.14.9.40B | H40: No
A41: 2 | B41: 0240 | C41: Loan Policy - Substitution Rate (within 3 years - 40%) | E41: 13.14.9.39 | H41: Yes
A42: 2 | B42: 0250 | C42: Loan Policy - Substitution Rate (more than 3 years, less than 5 - 50%) | E42: 13.14.9.39 | H42: Yes
A43: 2 | B43: 0260 | C43: Loan Policy - Substitution Rate (more than 5 years, less than 10 - 60%) | E43: 13.14.9.39 | H43: Yes
A44: 2 | B44: 0280 | C44: Loan Policy - Substitution Rate (more than 10 years, less than 20 - 80%) | E44: 13.14.9.39 | H44: Yes
A45: 6 | B45: 0600 | C45: Commitment for Title Insurance | E45: 13.14.9.19A | H45: No
A46: 9 | B46: 0900 | C46: Notice of Availability of Owner's Title Insurance | E46: None | H46: No
A47: 10 | B47: 1000 | C47: Facultative Reinsurance Agreement | E47: None | H47: No
A48: 11 | B48: 1101 | C48: Construction Loan Extension Endorsement | E48: 13.14.9.40A | H48: No
A49: 11 | B49: 1104 | C49: Correction/Multipurpose Endorsement | E49: 13.14.8.8 | F49: 67 | G49: 7625 | H49: No
A50: 11 | B50: 1105 | C50: Renewal, Extension and Partial Release Endorsement | E50: None | H50: No
A51: 11 | B51: 1106 | C51: Extension of Commitment for Title Insurance | E51: 13.14.9.19A | H51: No
A52: 11 | B52: 1108 | C52: Increase in Coverage | E52: 13.14.6.8C | H52: Yes
A53: 12 | B53: 1200 | C53: Condominium Endorsement - Assessments Priority (ALTA 4-06)(Rev:10-16-08) | E53: 13.14.8.42 | H53: No
A54: 13 | B54: 1300 | C54: Planned Unit Development Endorsement - All Assessments (ALTA 5-06) (Rev: 10-16-08) | E54: 13.14.8.43 | F54: 49 | G54: 1175 | H54: No
A55: 13.1 | B55: 1301 | C55: Planned Unit Development Endorsement - Unpaid Assessments (ALTA 5.1-06) (Rev: 10-16.08) | E55: 13.14.8.43 | F55: 7 | G55: 175 | H55: No
A56: 14 | B56: 1400 | C56: Variable Rate Mortgage Endorsement (ALTA 6-06) | E56: None | F56: 2 | G56: 50 | H56: No
A57: 15 | B57: 1500 | C57: Variable Rate Mortgage Endorsement - Negative Amortization (ALTA 6.2-06) | E57: None | H57: No
A58: 16 | B58: 1600 | C58: Manufactured Housing Unit Endorsement (ALTA 7-06) | E58: None | F58: 3 | G58: 225 | H58: No
A59: 16.1 | B59: 1601 | C59: Manufacture Housing Unit (Conversion Loan) Endorsement (ALTA 7.1-06) | E59: None | H59: No
A60: 16.2 | B60: 1602 | C60: Manufacture Housing Unit (Conversion Owner's) Endorsement (ALTA 7.2-06) | E60: None | H60: No
A61: 17 | B61: 1700 | C61: Revolving Credit Endorsement (ALTA 14-06) | E61: None | H61: No
A62: 18 | B62: 1800 | C62: Construction Loan Policy Endorsement A | E62: 13.14.9.40 | H62: Yes
A63: 20 | B63: 2000 | C63: Leasehold Owner's Endorsement (ALTA 13-06) | E63: 13.14.6.8E4 | H63: No
A64: 20 | B64: 2003 | C64: Leasehold Owner's Policy - Simultaneous Issue with Owner's Policy | E64: 13.14.9.20 | H64: Yes
A65: 20 | B65: 2010 | C65: Leasehold Owner's Policy - Reissue - 3 years or morer (10% Discount) | E65: 13.14.9.35 | H65: Yes
A66: 20 | B66: 2015 | C66: Leasehold Owner's Policy - Reissue - 2years or more, less than 3 years Reissue (15% Discount) | E66: 13.14.9.35 | H66: Yes
A67: 20 | B67: 2020 | C67: Leasehold Owner's Policy - Reissue - more than 1 year, less than 2 years (20% Discount) | E67: 13.14.9.35 | H67: Yes
A68: 20 | B68: 2025 | C68: Leasehold Owner's Policy - Reissue - 1 year or less | E68: 13.14.9.35 | H68: Yes
A69: 21 | B69: 2100 | C69: Leasehold Loan Endorsement (ALTA 13.1-06) | E69: 13.14.7.8F | H69: No
A70: 21.1 | B70: 2101 | C70: Leasehold Loan Policy - Simultaneous Issue with Owner's Policy | E70: 13.14.9.22 | H70: No
... A79: 28.2 | B79: 2802 | C79: Non-Imputation - Partial Equity Transfer Endorsement (ALTA 15.2-06) | E79: None | H79: No
A80: 29 | B80: 2900 | C80: Environmental Protection Lien Endorsement (ALTA 8.1) | E80: None | F80: 388 | G80: 13100 | H80: No
A81: 30 | B81: 3000 | C81: Condominium Endorsement Unpaid Assessments (ALTA 4.1-06) | E81: 13.14.8.42 | H81: No
A82: 31 | B82: 3100 | C82: Owner's Leasehold Conversion Endorsement to Owner's Policy | E82: 13.14.9.38 | H82: Yes
A83: 33 | B83: 3300 | C83: Change of Name Endorsement | E83: None | H83: No
A84: 34 | B84: 3400 | C84: U.S. Policy ALTA (12-03-12) | E84: 13.14.6.9 | H84: Yes
A85: 41 | B85: 4100 | C85: Limited Pre-Foreclosure Title Insurance Policy (12-03-12) | E85: 13.14.7.18 | H85: Yes
A86: 42 | B86: 4200 | C86: Limited Pre-Foreclosure Title Insurance Policy Down Date Endorsement (ALTA 12-03-12) | E86: None | H86: No
A87: 43 | B87: 4300 | C87: Insuring Around Endorsement | E87: 13.14.8.12A | H87: No
A88: 44 | B88: 4400 | C88: Revolving Credit - Increased Credit Limit Endorsement | E88: None | H88: Yes
A89: 45 | B89: 4500 | C89: Residential Limited Coverage Junior Loan Policy ALTA (Rev. 08-01-12) | E89: 13.14.7.21 | H89: Yes
A90: 46 | B90: 4600 | C90: Down Date Endorsement to Residential Limited Coverage Junior Loan Policy JR1 (ALTA 08-01-12) | E90: None | H90: No
A91: 47 | B91: 4700 | C91: Endorsement to Residential Limited Coverage Junior Loan Policy JR2 (ALTA 08-01-12) | E91: None | H91: No
A92: 49 | B92: 4900 | C92: Notice of Availability of Future Increase in Coverage and Potential Premium Discounts for Future Policies | E92: 13.14.6.8.D | H92: No
A93: 50 | B93: 5000 | C93: Restrictions, Encroachments and Minerals Endorsement - Loan Policy (ALTA 9-06) | E93: 13.14.8.14 | F93: 58 | G93: 3096.6 | H93: Yes
A94: 50.1 | B94: 5001 | C94: Restrictions Encroachments, Minerals - Loan Policy Endorsement (ALTA 9.3-06) | E94: 13.14.8.14 | H94: Yes
A95: 51 | B95: 5100 | C95: Land Abuts Street Endorsement | E95: 13.14.8.15 | H95: No
A96: 52 | B96: 5200 | C96: Location Endorsement (ALTA 22) | E96: 13.14.8.16 | F96: 14 | G96: 375 | H96: No
A97: 54 | B97: 5400 | C97: Contiguity Single Parcel Endorsement (ALTA 19.1) | E97: 13.14.8.18 | H97: No
A98: 55 | B98: 5500 | C98: Named Insured Endorsement | E98: 13.14.10.40 | H98: No
A99: 56 | B99: 5600 | C99: Restrictions, Encroachments, Minerals - Owner's Policy (Unimproved Land) Endorsement (ALTA 9.1-06) | E99: 13.14.8.14 | H99: Yes
A100: 56.1 | B100: 5601 | C100: Restrictions, Encroachments, Minerals - Owner's Policy (Unimproved Land) Endorsement (ALTA 9.4-06) | E100: 13.14.8.14 | H100: Yes
A101: 57 | B101: 5700 | C101: Restrictions, Encroachments, Minerals - Owner's Policy (Improved Land) Endorsement (ALTA 9.2-06) | E101: 13.14.8.14 | H101: Yes
A102: 57.1 | B102: 5701 | C102: Restrictions, Encroachments, Minerals - (Owner's Policy - Improved Land) Endorsement (ALTA 9.5-06) | E102: 13.14.8.14 | H102: Yes
A103: 58 | B103: 5800 | C103: First Loss - Multiple Parcel Transactions Endorsement (ALTA 20-06) | E103: 13.14.8.19 | H103: No
A104: 60 | B104: 6000 | C104: Aggregation Endorsement (ALTA 12-06) | E104: 13.14.8.20 | H104: No
A105: 60.1 | B105: 6001 | C105: Aggregation Endorsement (ALTA 12.1-06) | E105: 13.14.8.20 | H105: No
A106: 61 | B106: 6100 | C106: Foundation Endorsement | E106: 13.14.8.21 | H106: No
A107: 62 | B107: 6200 | C107: Assignment of Rents or Leases Endorsement (ALTA 37-06) 11-3-12 | E107: 13.14.8.22 | H107: No
A108: 63 | B108: 6300 | C108: Short Form Residential Loan Policy ALTA 12-03-12 | E108: 13.14.9.22 | F108: 266 | G108: 327674.2 | H108: Yes
A109: 64 | B109: 6400 | C109: Zoning - Unimproved Land Endorsement (ALTA 3.0) | E109: 13.14.8.23 | H109: Yes
...

Sheet WFG National Title Ins Co
A1: NEW MEXICO TITLE INSURANCE UNDERWRITER'S STATISTICAL REPORT
A2: FORM 3: TRANSACTION REPORT
A3: For Calendar Year Ending December 31, 2021
A4: NEW MEXICO EXPERIENCE ONLY
C5: Insurance Company: | D5: WFG National Title | J5: For Underwriters That Charge Rates Below the Promulgated Rates
J7: Direct Premiums As If They Had Been Written at Promulgated Rates
H8: Dependent
A9: NM | B9: Trans- | G9: Direct | H9: on Basic
A10: Form | B10: action | E10: NMAC | F10: Number of | G10: Premiums | H10: Premium
A11: No. | B11: Code | C11: Transaction Type | E11: Regulation | F11: Transactions | G11: Written | H11: Rate?
A12: 1, 2 | B12: 0001 | C12: Charge For Additional Chain Of Title | E12: 13.14.9.16 | F12: 0 | G12: 500 | H12: No
A13: 1, 2 | B13: 0002 | C13: Charge For Unusual Complexity | E13: 13.14.9.16 | F13: 0 | G13: 506 | H13: Yes
A14: 1 | B14: 0003 | C14: Abstract Retirement Credit | E14: 13.14.9.24 | F14: 0 | G14: 0 | H14: Yes
A15: 2 | B15: 0004 | C15: Loan Policy - Mechanic's Lien Coverage With Evidence of Priority | E15: 13.14.5.12 | F15: 0 | G15: 101450 | H15: No
A16: 2 | B16: 0005 | C16: Loan Policy - Mechanic's Lien Coverage Without Evidence of Priority | E16: 13.14.5.12 | F16: 0 | G16: 0 | H16: Yes
A17: 1 | B17: 0006 | C17: Owner's Policy - Mechanic's Lien Coverage - Filing Period Expired | E17: 13.14.5.12 | F17: 0 | G17: 19800 | H17: No
A18: 1 | B18: 0007 | C18: Owner's Policy - Mechanic's Lien Coverage - Filing Period Not Expired | E18: 13.14.5.12 | F18: 0 | G18: 3596 | H18: Yes
A19: 1 | B19: 0008 | C19: Survey Coverage - Owner Policy | E19: 13.14.5.1C | F19: 0 | G19: 169873.6 | H19: Yes
A20: 22 | B20: 0009 | C20: Survey Coverage - Loan Policy | E20: 13.14.5.12C | F20: 0 | G20: 88192 | H20: No
A21: 1 | B21: 0010 | C21: Owner Pro Forma Policy | E21: 13.14.9.19C | F21: 4 | G21: 8528 | H21: No
A22: 2 | B22: 0011 | C22: Loan Pro Forma Policy | E22: 13.14.9.19C | F22: 2 | G22: 715 | H22: No
A23: 1 | B23: 0012 | C23: Duplicate Original Policy | E23: None | F23: 0 | G23: 0 | H23: No
... A155: 2 | B155: 9280 | C155: Loan Policy - Statutory Rate (more than 10 years, less than 20 - 80%) | E155: 59A-30-6.1 NMSA 1978 | F155: 0 | G155: 0 | H155: Yes
E156: TOTAL: | F156: =SUM(F12:F155) -> 3400 | G156: =SUM(G12:G155) -> 4983639.3 | J156: =SUM(J12:J155) -> 0
F158: Crosscheck with Form 1: | G158: 4983639
F159: Difference: | G159: =G158-G156 -> -0.34
B160: Explanation for Difference (if any):
